 Dungeon Crawl Stone Soup version 0.28.0 (webtiles) character file.

Game seed: 3737466040032161780

547670 GrayStillPlays the Slingshot (level 26, -11/222 HPs)
             Began as a Gnoll Fighter on Feb 14, 2022.
             Was a High Priest of Okawaru.
             Killed from afar by a black draconian (37 damage)
             ... with a bolt of lightning
             ... in the Arena.
             The game lasted 04:58:41 (79043 turns).

GrayStillPlays the Slingshot (Gnoll Fighter)       Turns: 79043, Time: 04:58:42

Health: -11/222    AC: 47    Str: 29    XL:     26   Next: 20%
Magic:  47/53      EV: 14    Int: 14    God:    Okawaru [*****.]
Gold:   4259       SH: 27    Dex: 18    Spells: 29/60 levels left

rFire   + + +      SeeInvis .   M - +7 mace "Ifoeq" {vamp, rF+ rCorr Stlth-, mace}
rCold   + + .      Faith    .   O - +6 tower shield {reflect}
rNeg    + + +      Spirit   .   o - +8 orange crystal plate armour {Archmagi, Int+3 Clar, rare=g}
rPois   +          Reflect  +   X - +1 helmet "Tichaaph" {rPois rN+ Int+7}
rElec   .          Harm     .   q - +2 cloak {Will+}
rCorr   +          Rampage  .   D - +2 pair of gloves {Stlth+}
Will    +++++      Archmagi +   f - +1 pair of boots "Cyozath" {rF++ rC+ Dex+4 Stlth+}
Stlth   +......... Clarity  +   r - necklace of Bloodlust {*Rage Will++ Int-3 Slay+6}
HPRegen 0.47/turn               g - ring of the Lonely Nights {rC+ Will+ MP+9 Str+9 Int-5}
MPRegen 0.33/turn               z - ring "Jalivonn" {Wiz rPois rN++ Str-3 Slay+5}

@: studying 4 skills, duelling
A: fangs 1, strong nose, distributed training, strong 1, noise suppression
}: 3/15 runes: decaying, serpentine, slimy
a: Renounce Religion, Heroism, Finesse, Duel


You were in the Arena.
You worshipped Okawaru.
Okawaru was extremely pleased with you.
You visited 12 branches of the dungeon, and saw 50 of its levels.
You visited 2 bazaars.
You also visited: Ossuary, Gauntlet, Ice Cave and Wizlab.

You collected 8057 gold pieces.
You spent 3798 gold pieces at shops.


Innate Abilities, Weirdness & Mutations

You have very sharp teeth.
Your uncanny sense of smell can sniff out nearby items.
Your experience applies equally to all skills.
Your muscles are strong. (Str +2)
You passively dampen the noise of your surroundings.


   Skills:
 + Level 21.1 Fighting
 + Level 17.5 Short Blades
 + Level 17.5 Long Blades
 + Level 18.0 Axes
 + Level 17.5 Maces & Flails
 + Level 17.5 Polearms
 + Level 17.5 Staves
 + Level 22.7 Slings
 + Level 17.5 Bows
 + Level 17.5 Crossbows
 + Level 17.5 Throwing
 + Level 18.5 Armour
 + Level 17.5 Dodging
 + Level 17.5 Stealth
 + Level 18.5 Shields
 + Level 17.5 Unarmed Combat
 + Level 17.5 Spellcasting
 + Level 15.0 Conjurations
 + Level 14.9 Hexes
 + Level 14.9 Summonings
 + Level 14.9 Necromancy
 + Level 14.9 Translocations
 + Level 14.9 Transmutations
 + Level 16.7 Fire Magic
 + Level 14.9 Ice Magic
 + Level 14.9 Air Magic
 + Level 14.9 Earth Magic
 + Level 14.9 Poison Magic
 + Level 18.9 Invocations
 + Level 17.5 Evocations


You had 29 spell levels left.
You knew the following spells:

 Your Spells              Type           Power      Damage    Failure   Level
a - Wereblood             Tmut           69%        N/A       1%          2
b - Storm Form            Tmut/Air       34%        N/A       69%         7
c - Necromutation         Tmut/Necr      34%        N/A       100%        8
d - Ignition              Fire           36%        3d11      98%         8
e - Eringya's Noxious Bo  Tmut/Pois      34%        N/A       21%         6

Your spell library contained the following spells:

 Spells                   Type           Power      Damage    Failure   Level
 Apportation              Tloc           100%       N/A       1%          1
 Beastly Appendage        Tmut           100%       N/A       1%          1
 Freeze                   Ice            100%       1d11      1%          1
 Magic Dart               Conj           100%       1d8       1%          1
 Pain                     Necr           100%       1d9       1%          1
 Sandblast                Erth           100%       2d20      1%          1
 Shock                    Conj/Air       100%       1d9       1%          1
 Blink                    Tloc           100%       N/A       1%          2
 Ensorcelled Hibernation  Hex/Ice        100%       N/A       1%          2
 Passwall                 Tmut/Erth      57%        N/A       1%          2
 Searing Ray              Conj           100%       2d8       1%          2
 Static Discharge         Conj/Air       69%        N/A       1%          2
 Sublimation of Blood     Necr           69%        N/A       1%          2
 Confusing Touch          Hex            69%        N/A       1%          3
 Conjure Flame            Conj/Fire      71%        6-21      1%          3
 Dazzling Flash           Conj/Hex       100%       N/A       1%          3
 Gell's Gravitas          Tloc           69%        N/A       1%          3
 Ignite Poison            Fire/Tmut/Pois 70%        N/A       1%          3
 Lesser Beckoning         Tloc           69%        N/A       1%          3
 Mephitic Cloud           Conj/Pois/Air  69%        N/A       1%          3
 Spider Form              Tmut/Pois      69%        N/A       1%          3
 Stone Arrow              Conj/Erth      100%       3d13      1%          3
 Swiftness                Air            69%        N/A       1%          3
 Teleport Other           Tloc           69%        N/A       1%          3
 Vampiric Draining        Necr           69%        2d10      1%          3
 Airstrike                Air            34%        N/A       1%          4
 Fulminant Prism          Conj/Hex       34%        3d16      1%          4
 Hailstorm                Conj/Ice       69%        3d14      1%          4
 Iskenderun's Mystic Bla  Conj/Tloc      69%        2d14      1%          4
 Olgreb's Toxic Radiance  Pois           69%        N/A       1%          4
 Passage of Golubria      Tloc           69%        N/A       1%          4
 Petrify                  Tmut/Erth      69%        N/A       1%          4
 Sticky Flame             Conj/Fire      71%        2d8       1%          4
 Alistair's Intoxication  Tmut/Pois      46%        N/A       3%          5
 Borgnjor's Vile Clutch   Necr/Erth      34%        N/A       3%          5
 Freezing Cloud           Conj/Ice/Air   34%        6-21      3%          5
 Irradiate                Conj/Tmut      34%        3d24      3%          5
 Lightning Bolt           Conj/Air       34%        1d52      3%          5
 Manifold Assault         Tloc           69%        N/A       3%          5
 Silence                  Hex/Air        34%        N/A       3%          5
 Yara's Violent Unravell  Hex/Tmut       34%        3d14      3%          5
 Starburst                Conj/Fire      35%        6d10      13%         6
 Conjure Ball Lightning   Conj/Air       34%        3x3d11    19%         6
 Enfeeble                 Hex            34%        N/A       69%         7
 Ozocubu's Refrigeration  Ice            34%        4d11      69%         7
 Borgnjor's Revivificati  Necr           34%        N/A       100%        8
 Discord                  Hex            34%        N/A       100%        8
 Disjunction              Tloc           34%        N/A       100%        8
 Lehudib's Crystal Spear  Conj/Erth      34%        10d9      100%        8
 Maxwell's Capacitive Co  Air            34%        ∞         100%        8
 Chain Lightning          Conj/Air       34%        3d46      100%        9
 Death's Door             Necr           34%        N/A       100%        9
 Fire Storm               Conj/Fire      35%        8d9       100%        9
 Polar Vortex             Ice            34%        N/A       100%        9
 Shatter                  Erth           34%        3d28*     100%        9
 Animate Skeleton         Necr           Unusable   N/A       N/A         1
 Call Imp                 Summ           Unusable   N/A       N/A         2
 Tukima's Dance           Hex            Unusable   N/A       N/A         3
 Animate Armour           Summ/Erth      Unusable   N/A       N/A         4
 Animate Dead             Necr           Unusable   N/A       N/A         4
 Summon Ice Beast         Ice/Summ       Unusable   N/A       N/A         4
 Summon Lightning Spire   Summ/Air       Unusable   N/A       N/A         4
 Summon Mana Viper        Hex/Summ       Unusable   N/A       N/A         5
 Death Channel            Necr           Unusable   N/A       N/A         6
 Simulacrum               Ice/Necr       Unusable   N/A       N/A         6
 Malign Gateway           Summ/Tloc      Unusable   N/A       N/A         7
 Monstrous Menagerie      Summ           Unusable   N/A       N/A         7
 Summon Hydra             Summ           Unusable   N/A       N/A         7
 Summon Horrible Things   Summ           Unusable   N/A       N/A         8

Inventory:

Hand Weapons
 a - the +10 hunting sling of Dissolution {freeze, Will+, sling}
   (You found it on level 2 of the Depths)

   Any ammunition fired from it freezes those it strikes, dealing additional
   cold damage.
   It can also slow down cold-blooded creatures.
   Will:      It increases your willpower.
 u - the +12 spear "Jellybane" {antimagic, Contam Dex+9 SInv, polearm}
   (You found it on level 4 of the Lair of Beasts)

   It reduces the magical energy of the wielder, and disrupts the spells and
   magical abilities of those it strikes.
   Natural abilities and divine invocations are not affected.
   Dex:       It affects your dexterity (+9).
   SInv:      It lets you see invisible.
   Contam:    It causes magical contamination when unequipped.
 M - the +7 mace "Ifoeq" (weapon) {vamp, rF+ rCorr Stlth-, mace}
   (You bought it in a shop on level 1 of the Orcish Mines)

   It occasionally heals its wielder for a portion of the damage dealt when it
   wounds a living foe.
   rF:        It protects you from fire.
   rCorr:     It protects you from acid and corrosion.
   Stlth:     It makes you less stealthy.
 V - the +11 flail of Causality {flame, Will++ Dex+2, mace}
   (You bought it in a shop in a bazaar)

   It burns those it strikes, dealing additional fire damage.
   Dex:       It affects your dexterity (+2).
   Will:      It greatly increases your willpower.
 Z - the +7 great mace "Undeadhunter" {disrupt, rN+, mace}
   (You found it on level 5 of the Pits of Slime)

   It inflicts significantly more damage against the undead.
   rN:        It protects you from negative energy.
Missiles
 k - 1364 bolts
 J - 3 curare-tipped darts (quivered) {=fthrowing}
Armour
 f - the +1 pair of boots "Cyozath" (worn) {rF++ rC+ Dex+4 Stlth+}
   (You acquired it on level 13 of the Dungeon)

   Dex:       It affects your dexterity (+4).
   rF:        It greatly protects you from fire.
   rC:        It protects you from cold.
   Stlth:     It makes you more stealthy.
 o - the +8 orange crystal plate armour (worn) {Archmagi, Int+3 Clar, rare=g}
   (Okawaru gifted it to you in an ice cave)

   Int:       It affects your intelligence (+3).
   Clar:      It protects you against confusion.
 q - a +2 cloak of willpower (worn)
   (You bought it in a shop on level 4 of the Snake Pit)
 D - a +2 pair of gloves of stealth (worn)
   (Okawaru gifted it to you on level 13 of the Dungeon)
 O - a +6 tower shield of reflection (worn)
   (You took it off a naga warrior on level 4 of the Snake Pit)
 X - the +1 helmet "Tichaaph" (worn) {rPois rN+ Int+7}
   (You found it on level 2 of the Depths)

   Int:       It affects your intelligence (+7).
   rPois:     It protects you from poison.
   rN:        It protects you from negative energy.
Jewellery
 g - the ring of the Lonely Nights (left hand) {rC+ Will+ MP+9 Str+9 Int-5}
   (You found it on level 13 of the Dungeon)

   [ring of protection from cold]

   Str:       It affects your strength (+9).
   Int:       It affects your intelligence (-5).
   rC:        It protects you from cold.
   MP:        It affects your magic capacity (+9).
   Will:      It increases your willpower.
 l - the amulet "Ynloeb" {Spirit -Tele MP+9 Str+4}
   (You found it on level 1 of the Crypt)

   [amulet of guardian spirit]

   It causes incoming damage to be divided between your reserves of health and
   magic.
   Str:       It affects your strength (+4).
   MP:        It affects your magic capacity (+9).
   -Tele:     It prevents most forms of teleportation.
 r - the necklace of Bloodlust (around neck) {*Rage Will++ Int-3 Slay+6}
   (You found it in a Gauntlet)

   [amulet of nothing]

   It extends the wearer's berserk rage when killing foes.
   Int:       It affects your intelligence (-3).
   Slay:      It affects your accuracy & damage with ranged weapons and melee
   (+6).
   *Rage:     It berserks you when you make melee attacks (+50% chance).
   Will:      It greatly increases your willpower.
 t - the ring of the Pure Friends {rN+ Will+ Str+3}
   (You found it on level 1 of the Crypt)

   [ring of positive energy]

   Str:       It affects your strength (+3).
   rN:        It protects you from negative energy.
   Will:      It increases your willpower.
 z - the ring "Jalivonn" (right hand) {Wiz rPois rN++ Str-3 Slay+5}
   (You bought it in a shop on level 1 of the Snake Pit)

   [ring of wizardry]

   It improves your spell success rate.
   Str:       It affects your strength (-3).
   Slay:      It affects your accuracy & damage with ranged weapons and melee
   (+5).
   rPois:     It protects you from poison.
   rN:        It greatly protects you from negative energy.
 S - a ring of wizardry
   (You bought it in a shop on level 14 of the Dungeon)
 W - a ring of flight
   (You found it on level 2 of the Vaults)
Wands
 B - a wand of polymorph (55)
   (You found it on level 4 of the Dungeon)
 N - a wand of paralysis (41)
   (You found it on level 6 of the Dungeon)
 R - a wand of mindburst (18)
   (You found it on level 2 of the Elven Halls)
 T - a wand of iceblast (37)
   (You found it on level 7 of the Dungeon)
 U - a wand of acid (21)
   (You found it on level 7 of the Dungeon)
Scrolls
 c - a scroll of enchant armour
 i - 7 scrolls of fear
 p - 6 scrolls of blinking {!r}
 s - 24 scrolls of teleportation {@r4}
 w - 6 scrolls of vulnerability {!r!r}
 x - 7 scrolls of enchant weapon
 y - 3 scrolls of brand weapon
 A - 2 scrolls of silence {!r}
 F - 13 scrolls of magic mapping {!r}
 H - 6 scrolls of immolation {!r!r}
 K - 5 scrolls of fog
 L - 2 scrolls of holy word
Potions
 b - 5 potions of brilliance
 d - 7 potions of might
 h - 9 potions of flight
 n - 4 potions of cancellation
 v - 3 potions of resistance
 C - 10 potions of curing {@q1}
 E - 7 potions of lignification {!q}
 Q - 6 potions of invisibility
 Y - 9 potions of haste {@q3}
Miscellaneous
 e - a condenser vane
   (You found it on level 3 of the Elven Halls)
 j - a tin of tremorstones (2/2) {throwing}
   (You found it on level 10 of the Dungeon)
 m - a phial of floods
   (You found it on level 6 of the Lair of Beasts)
 I - a phantom mirror
   (You found it on level 3 of the Elven Halls)
 P - a lightning rod (4/4)
   (You found it on level 3 of the Elven Halls)

Dungeon Overview and Level Annotations

Branches:
Dungeon (15/15)            Temple (1/1) D:6            Lair (6/6) D:9
  Swamp (4/4) Lair:4        Snake (4/4) Lair:4        Slime (5/5) Lair:6
    Orc (2/2) D:12            Elf (3/3) Orc:2        Vaults (4/5) D:14
  Crypt (1/3) Vaults:2     Depths (4/4) D:15            Zot (1/5) Depths:4
Ossuary (visited)           IceCv (visited)          WizLab (visited)
Gauntlet (visited)

Altars:
Ashenzari
Cheibriados
Dithmenos
Elyvilon
Gozag
Hepliaklqana
Kikubaaqudgha
Makhleb
Nemelex Xobeh
Okawaru
Qazlal
Ru
Sif Muna
Trog
Uskayaw
Vehumet
Wu Jian
Xom
Zin
The Shining One
Beogh
Jiyva
Lugonu

Shops:
D:9 !   D:12 [   D:14 =   Orc:1 ?(**   Orc:2 =[!?(   Elf:1 =   Elf:2 (
Elf:3 (   Snake:1 :=:   Snake:4 *   Vaults:2 ?   Vaults:3 [   Depths:2 =

Portals:
Hell: Depths:1 Depths:2 Depths:3 Depths:4
Abyss: Lair:6 Depths:1 Depths:3 Depths:4
Pandemonium: Depths:2
Ziggurat: Depths:1
Trove: Depths:2 (give +5 fire dragon scales)

Annotations:
Lair:2 2 transporters, pigah's ghost, journeyman OpAE
Elf:1 1 runed translucent door

###########
#.p.pppp..#
#.▓▓▓▓▓▓▓.#
#p▓.....▓.#
#▓▓...d.▓p#
#∩▓..@..▓p#
#▓▓.....▓p#
#p▓.....▓p#
#.▓▓▓▓▓▓▓.#
#..pppp...#
###########


You could see a black draconian (catching breath).


Message History

You hit the red draconian scorcher.
You feel better. 😕 HP[+2]
You regained 2 hp, and now have 221/222 hp.
You bludgeon the red draconian scorcher!!
The red draconian scorcher completely misses you.
You hit the red draconian scorcher.
The red draconian scorcher breathes fire at you.
The searing blast hits you but does no damage. 😎 HP[+1]
Your hp is fully restored (222).
You sock the red draconian scorcher!
You bite the red draconian scorcher, but do no damage.
You block the red draconian scorcher's attack.
You bludgeon the red draconian scorcher!!
The red draconian scorcher casts a spell at you.
The bolt of magma hits you!! You partially resist. 😕 HP[-19]
You take 19 damage, and now have 203/222 hp.
You closely miss the red draconian scorcher.
You bite the red draconian scorcher!
The red draconian scorcher gestures at you while chanting.
The bolt of magma hits you. You partially resist. 😕 HP[-1]
You take 1 damage, and now have 202/222 hp.
You bludgeon the red draconian scorcher!!
You feel better.
You kill the red draconian scorcher!
Okawaru accepts your kill.
Your Conjurations skill increases to level 15! 😕 HP[+1]
You hit something but do no damage. You block something's attack. 😕 HP[+1]
You barely miss something. Something hits you.
The black draconian breathes lightning at you.
The bolt of lightning hits something.
The bolt of lightning hits you!! x2
The bolt of lightning hits something. 😮 HP[-64]
You take 64 damage, and now have 140/222 hp.
MASSIVE DAMAGE!! (PAUSE)
You hit something. Something completely misses you.
Something hits you but does no damage.
You closely miss something.
Something hits you but does no damage. 😮 HP[+1]
You bludgeon something!! You bite something!
Something hits you but does no damage.
The black draconian breathes lightning at you.
The bolt of lightning hits something.
The bolt of lightning hits you!! x2
* * * LOW HITPOINT WARNING * * *
The bolt of lightning hits something. 😨 HP[-46]
You take 46 damage, and now have 95/222 hp.
MASSIVE DAMAGE!! (PAUSE)
You hit something but do no damage. Your bite misses something.
A bolt of lightning appears from out of thin air!
The bolt of lightning hits you!!
* * * LOW HITPOINT WARNING * * *
The bolt of lightning hits you!!!
* * * LOW HITPOINT WARNING * * *
The bolt of lightning hits something.
The bolt of lightning hits the black draconian.
The black draconian completely resists. 😱 HP[-71]
You take 71 damage, and now have 24/222 hp.
MASSIVE DAMAGE!! (PAUSE)
Aiming: Duel (0% risk of failure)
Press: ? - help, Dir - move target, f - black draconian
Aim: a black draconian, wielding a +0 mace You enter into single combat with the black draconian!
The world spins around you as you enter the gateway.
You enter Okawaru's Arena!
Reactivating autopickup.
The spectator shouts! x13
The black draconian breathes lightning at you.
The bolt of lightning hits you.
* * * LOW HITPOINT WARNING * * *
The bolt of lightning misses you.
Found a gate leading back out of this place.
There is an empty arch of ancient stone here. 😱 HP[-3] MP[-7]
You take 3 damage, and now have 21/222 hp.
You lost 7 mp, and now have 46/53 mp.
You feel better.
You block the black draconian's attack. 😱 HP[+11]
You regained 11 hp, and now have 32/222 hp.
You feel better.
You block the black draconian's attack. 😱 HP[+6]
You regained 6 hp, and now have 38/222 hp.
You feel better.
You block the black draconian's attack. 😱 HP[+11] MP[+1]
You regained 11 hp, and now have 49/222 hp.
You thump the black draconian! You bite the black draconian!
The black draconian barely misses you. 😱 HP[+1]
You sock the black draconian!
The black draconian breathes lightning at you.
The bolt of lightning hits you!!
* * * LOW HITPOINT WARNING * * *
The bolt of lightning hits you!!!
You die...
Okawaru crowns the black draconian victorious!

Skill      XL: |  1  2  3  4  5  6  7  8  9 10 11 12 13 14 15 16 17 18 19 20 21 22 23 24 25 26 |
---------------+-------------------------------------------------------------------------------+-----
Invocations    | 1 2 3 4 5 6 7 8 9 10 11 12 13 14 15 16 17 18 | 18.9
Short Blades   | 1 2 3 4 5 6 7 8 9 10 11 12 13 14 15 16 17 | 17.5
Long Blades    | 1 2 3 4 5 6 7 8 9 10 11 12 13 14 15 16 17 | 17.5
Maces & Flails | 1 2 3 4 5 6 7 8 9 10 11 12 13 14 15 16 17 | 17.5
Polearms       | 1 2 3 4 5 6 7 8 9 10 11 12 13 14 15 16 17 | 17.5
Staves         | 1 2 3 4 5 6 7 8 9 10 11 12 13 14 15 16 17 | 17.5
Slings         | 1 2 3 4 5 6 7 9 10 12 13 14 15 16 17 18 19 20 21 22 | 22.7
Bows           | 1 2 3 4 5 6 7 8 9 10 11 12 13 14 15 16 17 | 17.5
Crossbows      | 1 2 3 4 5 6 7 8 9 10 11 12 13 14 15 16 17 | 17.5
Throwing       | 1 2 3 4 5 6 7 8 9 10 11 12 13 14 15 16 17 | 17.5
Dodging        | 1 2 3 4 5 6 7 8 9 10 11 12 13 14 15 16 17 | 17.5
Stealth        | 1 2 3 4 5 6 7 8 9 10 11 12 13 14 15 16 17 | 17.5
Unarmed Combat | 1 2 3 4 5 6 7 8 9 10 11 12 13 14 15 16 17 | 17.5
Spellcasting   | 1 2 3 4 5 6 7 8 9 10 11 12 13 14 15 16 17 | 17.5
Evocations     | 1 2 3 4 5 6 7 8 9 10 11 12 13 14 15 16 17 | 17.5
Conjurations   | 1 2 3 4 5 6 7 8 9 10 11 12 13 14 15 | 15.0
Hexes          | 1 2 3 4 5 6 7 8 9 10 11 12 13 14 | 14.9
Summonings     | 1 2 3 4 5 6 7 8 9 10 11 12 13 14 | 14.9
Necromancy     | 1 2 3 4 5 6 7 8 9 10 11 12 13 14 | 14.9
Translocations | 1 2 3 4 5 6 7 8 9 10 11 12 13 14 | 14.9
Transmutations | 1 2 3 4 5 6 7 8 9 10 11 12 13 14 | 14.9
Fire Magic     | 1 2 3 4 5 6 7 8 9 10 11 12 13 14 15 16 | 16.7
Ice Magic      | 1 2 3 4 5 6 7 8 9 10 11 12 13 14 | 14.9
Air Magic      | 1 2 3 4 5 6 7 8 9 10 11 12 13 14 | 14.9
Earth Magic    | 1 2 3 4 5 6 7 8 9 10 11 12 13 14 | 14.9
Poison Magic   | 1 2 3 4 5 6 7 8 9 10 11 12 13 14 | 14.9
Axes           | 5 6 7 8 9 10 11 12 13 14 15 16 17 18 | 18.0
Fighting       | 7 8 9 10 11 12 13 14 15 16 17 18 19 20 21 | 21.1
Armour         | 7 8 9 10 11 12 13 14 15 16 17 18 | 18.5
Shields        | 7 8 9 10 11 12 13 14 15 16 17 18 | 18.5

Action                   |  1- 3 |  4- 6 |  7- 9 | 10-12 | 13-15 | 16-18 | 19-21 | 22-24 | 25-27 || total
-------------------------+-------+-------+-------+-------+-------+-------+-------+-------+-------++-------
Melee: War axe           |    80 |       |       |       |       |       |       |       |       ||    80
       Bite              |    10 |    14 |    86 |   149 |   256 |   221 |   284 |   529 |   291 ||  1840
       Hand axe          |    34 |    99 |   610 |  1067 |    71 |       |       |       |       ||  1881
       Quarterstaff      |       |       |       |   106 |   101 |       |       |       |       ||   207
       Spear             |       |       |       |       |  1434 |  1604 |  1664 |   879 |       ||  5581
       Mace              |       |       |       |       |       |       |       |  1371 |   941 ||  2312
       Flail             |       |       |       |       |       |       |       |       |   231 ||   231
 Fire: Arbalest          |       |       |       |       |    15 |       |       |       |       ||    15
Throw: Dart              |       |       |    10 |     6 |       |       |       |       |       ||    16
       Javelin           |       |       |     2 |     4 |       |       |       |       |       ||     6
       Stone             |       |       |     2 |       |       |       |       |       |       ||     2
       Throwing net      |       |       |       |     1 |       |       |       |       |       ||     1
 Cast: Wereblood         |       |       |       |       |       |       |       |     5 |     1 ||     6
       Storm Form        |       |       |       |       |       |       |       |     1 |       ||     1
       Necromutation     |       |       |       |       |       |       |       |       |     8 ||     8
       Ignition          |       |       |       |       |       |       |       |       |     1 ||     1
Invok: Heroism           |       |       |       |     5 |     8 |     5 |     3 |     4 |     3 ||    28
       Finesse           |       |       |       |     3 |     5 |     3 |     3 |     4 |     3 ||    21
       Duel              |       |       |       |     1 |       |       |       |     2 |     2 ||     5
Evoke: Wand              |       |       |       |     5 |     7 |     7 |       |     9 |     4 ||    32
       Phial of floods   |       |       |       |       |       |     2 |     1 |     1 |     1 ||     5
       Tin of tremorston |       |       |       |       |       |     4 |     2 |       |     2 ||     8
       Condenser vane    |       |       |       |       |       |       |     2 |     4 |     1 ||     7
       Lightning rod     |       |       |       |       |       |       |       |     7 |     3 ||    10
  Use: Scroll            |       |       |     3 |    15 |    12 |     6 |    10 |     7 |     4 ||    57
       Potion            |       |       |     1 |    10 |       |     3 |     4 |    14 |    10 ||    42
 Stab: Sleeping          |       |       |     8 |     5 |     1 |       |     2 |     1 |     6 ||    23
       Held in net/web   |       |       |       |     2 |       |       |       |       |       ||     2
       Distracted        |       |       |       |       |       |       |     2 |       |     2 ||     4
       Confused          |       |       |       |       |       |       |       |     1 |       ||     1
Armor: Scale mail        |    52 |    50 |   308 |   569 |       |       |       |       |       ||   979
       Steam dragon scal |       |       |       |   208 |   100 |       |       |       |       ||   308
       Crystal plate arm |       |       |       |       |   639 |   692 |   480 |   804 |   524 ||  3139
       Chain mail        |       |       |       |       |    22 |       |       |       |       ||    22
       Ring mail         |       |       |       |       |       |       |       |       |    53 ||    53
Dodge: Dodged            |    47 |    29 |   247 |   733 |   496 |   518 |   327 |   544 |   437 ||  3378
Block: Buckler           |    27 |    31 |   165 |   355 |   380 |   207 |       |       |       ||  1165
       Tower shield      |       |       |       |       |       |   998 |  1273 |  2248 |  1412 ||  5931
       Reflection        |       |       |       |       |       |    14 |   113 |    41 |    34 ||   202

Levels and vault maps discovered:
D:1:      saegor_arrival_simple_e, layout_loops_ring, kennysheep_flooded_box
D:2:      layout_loops_ring, hellmonk_ecumenical_altar_lost_god,
          minmay_fractal_squares_gapless_5
D:3:      layout_rooms
D:4:      layout_cave_pools, enter_ossuary_3, uniq_crazy_yiuf_cottage
D:5:      layout_basic, old_standard_altar, uniq_grinder
D:6:      layout_basic, mainiacjoe_overflow_alcove_2,
          mainiacjoe_overflow_tiny_flanked, kennysheep_little_box,
          general_overflow_altar, minmay_temple_entry_drinking_statues,
          lemuel_flame_loot_1
D:7:      layout_loops_corners, mainiacjoe_overflow_six_doors_small,
          uniq_menkaure
D:8:      layout_basic, mainiacjoe_overflow_boulevard
D:9:      layout_rooms, due_lair_maze_entry_diamond, serial_shops,
          kennysheep_mini, uniq_harold
D:10:     layout_cave_pods, lemuel_mausoleum_altar_kikubaaqudgha,
          tso_metal_star, mainiacjoe_overflow_surrounded_room,
          mainiacjoe_overflow_big_doors, hangedman_decor_lopped
D:11:     layout_layer_cave, serial_shops, bzr_entry_lakeside
D:12:     layout_gridville, orc_david_3
D:13:     minmay_cut_squares, layout_stronghold, serial_rivers,
          chequers_serial_rivers_micro_d, chequers_serial_rivers_small_3,
          chequers_serial_rivers_micro_b, chequers_serial_rivers_large_a,
          chequers_serial_rivers_micro_e, solitary_fountain
D:14:     layout_loops_ring, erik_vaults_2, patterned_corridor,
          ebering_ghost_rock_garden, serial_shops, nicolae_diamond_shop,
          minmay_fractal_squares_gapless_7
D:15:     hangedman_depths_entry_try_elsewhere_first, layout_loops_ring,
          kennysheep_doodads
Temple:   eino_temple_lava
Lair:1:   layout_loops_ring, grunt_forest_large_clearings, grunt_megastairs_4,
          lemuel_fruit_tree, uniq_maggie, uniq_joseph
Lair:2:   layout_hall_layers, gammafunk_ghost_wrathful_warriors,
          gauntlet_entry_generic
Lair:3:   layout_loops_ring, grunt_megastairs_3
Lair:4:   layout_long_grid, palyth_hydra_swamp_entry,
          guppyfry_snake_entry_garden, portal_ice_cave_entry_ice_simulacra,
          beast_lair_carwin_5
Lair:5:   layout_long_grid, nicolae_lair_lil_pond,
          chequers_serial_rivers_micro_d, nicolae_lair_grove_arrangements
Lair:6:   hellmonk_lair_end_abyssal_woods, layout_hall_layers, slime_altar_1,
          wad_woods_road_05
Swamp:1:  layout_basic_swamp, evilmike_swamp_ruin_rubble_1, swamp_pool1
Swamp:2:  layout_basic_swamp, evilmike_swamp_ruin_house_2
Swamp:3:  layout_basic_swamp, evilmike_swamp_ruin_house_1,
          nicolae_swamp_godswood, swamp_pool5, nicolae_swamp_stuck_in_the_mud,
          infiniplex_staircase_pool
Swamp:4:  swamp, layout_basic_swamp, uniq_bai_suzhen
Snake:1:  layout_onion, nicolae_snake_lava_pool, minmay_shop_grove
Snake:2:  layout_rooms, uniq_vashnia, uniq_aizul, uniq_nikola
Snake:3:  layout_onion_interference
Snake:4:  grunt_snake_rune_pools, layout_grid_shapes,
          nicolae_shop_sticking_my_neck_out
Slime:1:  layout_caves
Slime:2:  layout_caves, basic_altar, uniq_dissolution
Slime:3:  layout_caves
Slime:4:  layout_caves
Slime:5
Orc:1:    layout_caves, serial_shops, nicolae_shop_statue_plus, shop,
          nicolae_specific_store, hangedman_minor_magic, uniq_snorg
Orc:2:    st_orc_mages, layout_diamond_mine, minmay_shop_enchanted_jewellery,
          nicolae_orc_crystal_geode
Elf:1:    nicolae_elf_arrival_dilemma, layout_geoelf_octagon, serial_shops,
          shop, minmay_elf_annihilation, small_chamber_with_monster, drop_trap,
          grunt_ministairs_11, st_stairs_10, nicolae_take_the_stairs,
          minmay_misc_feat_five, uniq_asterion
Elf:2:    nicolae_elf_blades_splatter_lattice [mumra_blade_entry_dagger],
          layout_loops_cross, serial_shops, shop
Elf:3:    minmay_elf_hall_quartered_circle, layout_geoelf_octagon, special_room
          [special_room_orc], serial_shops, nicolae_shop_bloodbath_and_beyond
Vaults:1: ontoclasm_vaults_tryst, st_octagons_1, grunt_vaults_swirl,
          nicolae_vaults_three_branches, v_misc_31, hangedman_vaults_nodes,
          dpeg_vaults_monster_box, nicolae_vaults_mini_display_case,
          ontoclasm_vaults_hangar, vaults_dpeg_cross, serial_ice_m,
          nicolae_vaults_little_squares_4, layout_vaults_maze
Vaults:2: nicolae_vaults_shelves_hall, ontoclasm_vaults_twist, v_misc_17,
          vaults_mumra_chevron, nicolae_vaults_asterisk, v_misc_19,
          special_room_vaults [special_room_orc], minmay_crypt_entry_simple_box,
          layout_vaults_quadrants, serial_shops, freezing_bzr,
          nicolae_square_shop
Vaults:3: mu_enter_wizlab_6, vaults_room_stairs_pillars,
          grunt_vaults_hallway_long, hangedman_vaults_snaps, door_vault,
          v_misc_8, nicolae_vaults_network_quinsquares
          [nicolae_vaults_network_quincunx_subvault,
          nicolae_vaults_network_quincunx_subvault,
          nicolae_vaults_network_quincunx_subvault,
          nicolae_vaults_network_quincunx_subvault],
          nicolae_vaults_stairing_the_circle, vaults_room_fancy_cross,
          layout_vaults_chaotic_city, serial_shops, shop
Vaults:4: v_misc_10, nicolae_vaults_specimen_jars, ontoclasm_vaults_shuriken,
          v_misc_24, hangedman_vaults_river_flow, vaults_room_hallway,
          vaults_mumra_minichess_inversion, v_misc_13,
          ontoclasm_vaults_loading_screen, layout_vaults_ring
Crypt:1:  gammafunk_dig_for_victory, layout_gridlike
Depths:1: layout_cave_shapes, enter_ziggurat_d, hellmouth_2, abyss_entry,
          minmay_door_square, minmay_checkered_concentric_circles
Depths:2: grunt_arcs, layout_honeycomb, nicolae_trove_entry_diagonal,
          hangedman_geh_valley, rand_demon_pan_entry_1, serial_shops, shop
Depths:3: minmay_big_diamond_grid, layout_basic, grunt_hell_entry_dis_mu,
          abyss_entry, okawaru_gym_becter, nicolae_uskayaw_en_pointe
Depths:4: grunt_zot_entry_hairpin, layout_gridville, pf_coc_iceberg,
          abyss_entry, amcnicky_mini_pool_small, grunt_megastairs_1
Zot:1:    layout_gridlike
Arena

Notes
Turn   | Place    | Note
-------+----------+-------------------------------------------
     0 | D:1      | GrayStillPlays the Gnoll Fighter began the quest for the
                  | Orb.
     0 | D:1      | Reached XP level 1. HP: 23/23 MP: 1/1
     0 | D:1      | magus.rc [v1.9.6]
    45 | D:1      | Reached XP level 2. HP: 25/29 MP: 2/2
   607 | D:1      | Reached XP level 3. HP: 35/35 MP: 3/3
   740 | D:1      | Found a sacrificial altar of Ru.
   903 | D:2      | Found a faded altar of an unknown god.
   931 | D:2      | Reached skill level 1 in Invocations
  1077 | D:2      | Reached skill level 1 in Short Blades
  1077 | D:2      | Reached skill level 1 in Long Blades
  1077 | D:2      | Reached skill level 1 in Maces & Flails
  1077 | D:2      | Reached skill level 1 in Polearms
  1077 | D:2      | Reached skill level 1 in Staves
  1077 | D:2      | Reached skill level 1 in Slings
  1077 | D:2      | Reached skill level 1 in Bows
  1077 | D:2      | Reached skill level 1 in Crossbows
  1077 | D:2      | Reached skill level 1 in Throwing
  1077 | D:2      | Reached skill level 1 in Dodging
  1077 | D:2      | Reached skill level 1 in Stealth
  1077 | D:2      | Reached skill level 1 in Unarmed Combat
  1077 | D:2      | Reached skill level 1 in Spellcasting
  1077 | D:2      | Reached skill level 1 in Evocations
  1152 | D:2      | You pick up a book of Conjurations {@e2} and begin
                  | reading...
  1152 | D:2      | You add the spells Magic Dart, Searing Ray and Fulminant
                  | Prism to your library.
  1188 | D:2      | Reached XP level 4. HP: 41/41 MP: 5/5
  1415 | D:2      | Reached skill level 1 in Conjurations
  1415 | D:2      | Reached skill level 1 in Hexes
  1415 | D:2      | Reached skill level 1 in Summonings
  1415 | D:2      | Reached skill level 1 in Necromancy
  1415 | D:2      | Reached skill level 1 in Translocations
  1415 | D:2      | Reached skill level 1 in Transmutations
  1415 | D:2      | Reached skill level 1 in Fire Magic
  1415 | D:2      | Reached skill level 1 in Ice Magic
  1415 | D:2      | Reached skill level 1 in Air Magic
  1415 | D:2      | Reached skill level 1 in Earth Magic
  1415 | D:2      | Reached skill level 1 in Poison Magic
  1446 | D:2      | Reached XP level 5. HP: 44/47 MP: 5/7
  2088 | D:4      | Noticed a necrophage
  2105 | D:3      | Killed a necrophage
  2106 | D:3      | Reached skill level 2 in Invocations
  2106 | D:3      | Reached XP level 6. HP: 41/53 MP: 8/8
  2124 | D:4      | Noticed a necrophage
  2140 | D:4      | Reached skill level 2 in Short Blades
  2140 | D:4      | Reached skill level 2 in Long Blades
  2140 | D:4      | Reached skill level 5 in Axes
  2140 | D:4      | Reached skill level 2 in Maces & Flails
  2140 | D:4      | Reached skill level 2 in Polearms
  2140 | D:4      | Reached skill level 2 in Staves
  2140 | D:4      | Reached skill level 2 in Slings
  2140 | D:4      | Reached skill level 2 in Bows
  2140 | D:4      | Reached skill level 2 in Crossbows
  2140 | D:4      | Reached skill level 2 in Throwing
  2140 | D:4      | Reached skill level 2 in Dodging
  2140 | D:4      | Reached skill level 2 in Stealth
  2140 | D:4      | Reached skill level 2 in Unarmed Combat
  2140 | D:4      | Reached skill level 2 in Spellcasting
  2140 | D:4      | Reached skill level 2 in Evocations
  2140 | D:4      | Killed a necrophage
  2141 | D:4      | Reached XP level 7. HP: 50/59 MP: 8/10
  2262 | D:4      | Reached skill level 7 in Fighting
  2262 | D:4      | Reached skill level 7 in Armour
  2262 | D:4      | Reached skill level 7 in Shields
  2274 | D:4      | Reached skill level 2 in Conjurations
  2274 | D:4      | Reached skill level 2 in Hexes
  2274 | D:4      | Reached skill level 2 in Summonings
  2274 | D:4      | Reached skill level 2 in Necromancy
  2274 | D:4      | Reached skill level 2 in Translocations
  2274 | D:4      | Reached skill level 2 in Transmutations
  2274 | D:4      | Reached skill level 2 in Fire Magic
  2274 | D:4      | Reached skill level 2 in Ice Magic
  2274 | D:4      | Reached skill level 2 in Air Magic
  2274 | D:4      | Reached skill level 2 in Earth Magic
  2274 | D:4      | Reached skill level 2 in Poison Magic
  2314 | D:4      | Found a sand-covered staircase.
  2329 | Ossuary  | Entered an ossuary
  2600 | Ossuary  | Reached skill level 3 in Invocations
  2862 | Ossuary  | Reached XP level 8. HP: 66/67 MP: 12/12
  3185 | D:4      | Reached skill level 3 in Short Blades
  3185 | D:4      | Reached skill level 3 in Long Blades
  3185 | D:4      | Reached skill level 3 in Maces & Flails
  3185 | D:4      | Reached skill level 3 in Polearms
  3185 | D:4      | Reached skill level 3 in Staves
  3185 | D:4      | Reached skill level 3 in Slings
  3185 | D:4      | Reached skill level 3 in Bows
  3185 | D:4      | Reached skill level 3 in Crossbows
  3185 | D:4      | Reached skill level 3 in Throwing
  3185 | D:4      | Reached skill level 3 in Dodging
  3185 | D:4      | Reached skill level 3 in Stealth
  3185 | D:4      | Reached skill level 3 in Unarmed Combat
  3185 | D:4      | Reached skill level 3 in Spellcasting
  3185 | D:4      | Reached skill level 3 in Evocations
  3369 | D:4      | Found a runed translucent door.
  3370 | D:4      | Noticed Crazy Yiuf
  3410 | D:4      | You pick up a book of Blood and begin reading...
  3410 | D:4      | You add the spells Sublimation of Blood, Wereblood and
                  | Summon Hydra to your library.
  3543 | D:4      | Killed Crazy Yiuf
  3693 | D:5      | Entered Level 5 of the Dungeon
  3717 | D:5      | Found a burning altar of Makhleb.
  4308 | D:5      | Noticed Grinder
  4343 | D:5      | Paralysed by Grinder for 3 turns
  4351 | D:5      | Paralysed by Grinder for 4 turns
  4355 | D:5      | Killed Grinder
  4356 | D:5      | Reached skill level 3 in Conjurations
  4356 | D:5      | Reached skill level 3 in Hexes
  4356 | D:5      | Reached skill level 3 in Summonings
  4356 | D:5      | Reached skill level 3 in Necromancy
  4356 | D:5      | Reached skill level 3 in Translocations
  4356 | D:5      | Reached skill level 3 in Transmutations
  4356 | D:5      | Reached skill level 3 in Fire Magic
  4356 | D:5      | Reached skill level 3 in Ice Magic
  4356 | D:5      | Reached skill level 3 in Air Magic
  4356 | D:5      | Reached skill level 3 in Earth Magic
  4356 | D:5      | Reached skill level 3 in Poison Magic
  4356 | D:5      | Reached skill level 4 in Invocations
  4615 | D:5      | Reached skill level 6 in Axes
  4615 | D:5      | Reached XP level 9. HP: 72/72 MP: 14/14
  4697 | D:6      | Found a white marble altar of Elyvilon.
  4798 | D:6      | Identified a +1 robe of the Archmagi
  4849 | D:6      | HP: 17/73 [orc warrior (2)]
  4852 | D:6      | Reached skill level 4 in Short Blades
  4852 | D:6      | Reached skill level 4 in Long Blades
  4852 | D:6      | Reached skill level 4 in Maces & Flails
  4852 | D:6      | Reached skill level 4 in Polearms
  4852 | D:6      | Reached skill level 4 in Staves
  4852 | D:6      | Reached skill level 4 in Slings
  4852 | D:6      | Reached skill level 4 in Bows
  4852 | D:6      | Reached skill level 4 in Crossbows
  4852 | D:6      | Reached skill level 4 in Throwing
  4852 | D:6      | Reached skill level 4 in Dodging
  4852 | D:6      | Reached skill level 4 in Stealth
  4852 | D:6      | Reached skill level 4 in Unarmed Combat
  4852 | D:6      | Reached skill level 4 in Spellcasting
  4852 | D:6      | Reached skill level 4 in Evocations
  5327 | D:6      | Found a staircase to the Ecumenical Temple.
  5336 | Temple   | Entered the Ecumenical Temple
  5349 | Temple   | Became a worshipper of Warmaster Okawaru
  5495 | D:6      | Found the ring of the Tortoise {AC+8}
  5585 | D:6      | Found a broken altar of Ashenzari.
  5618 | D:6      | Found a glowing silver altar of Zin.
  5654 | D:6      | Found a shimmering blue altar of Sif Muna.
  6341 | D:7      | Found a snail-covered altar of Cheibriados.
  6369 | D:7      | Noticed a two-headed ogre
  6391 | D:7      | Killed a two-headed ogre
  6391 | D:7      | Reached * piety under Okawaru
  6392 | D:7      | Reached skill level 8 in Fighting
  6392 | D:7      | Reached skill level 8 in Armour
  6392 | D:7      | Reached skill level 8 in Shields
  6392 | D:7      | Reached skill level 5 in Invocations
  6758 | D:7      | Noticed Menkaure
  6800 | D:7      | Killed Menkaure
  7190 | D:7      | Reached XP level 10. HP: 73/80 MP: 17/17
  7205 | D:7      | Reached skill level 4 in Conjurations
  7205 | D:7      | Reached skill level 4 in Hexes
  7205 | D:7      | Reached skill level 4 in Summonings
  7205 | D:7      | Reached skill level 4 in Necromancy
  7205 | D:7      | Reached skill level 4 in Translocations
  7205 | D:7      | Reached skill level 4 in Transmutations
  7205 | D:7      | Reached skill level 4 in Fire Magic
  7205 | D:7      | Reached skill level 4 in Ice Magic
  7205 | D:7      | Reached skill level 4 in Air Magic
  7205 | D:7      | Reached skill level 4 in Earth Magic
  7205 | D:7      | Reached skill level 4 in Poison Magic
  7515 | D:8      | Found a stormy altar of Qazlal.
  7821 | D:8      | Reached skill level 5 in Short Blades
  7821 | D:8      | Reached skill level 5 in Long Blades
  7821 | D:8      | Reached skill level 5 in Maces & Flails
  7821 | D:8      | Reached skill level 5 in Polearms
  7821 | D:8      | Reached skill level 5 in Staves
  7821 | D:8      | Reached skill level 5 in Slings
  7821 | D:8      | Reached skill level 5 in Bows
  7821 | D:8      | Reached skill level 5 in Crossbows
  7821 | D:8      | Reached skill level 5 in Throwing
  7821 | D:8      | Reached skill level 5 in Dodging
  7821 | D:8      | Reached skill level 5 in Stealth
  7821 | D:8      | Reached skill level 5 in Unarmed Combat
  7821 | D:8      | Reached skill level 5 in Spellcasting
  7821 | D:8      | Reached skill level 5 in Evocations
  8337 | D:9      | Reached skill level 7 in Axes
  8362 | D:9      | Found Jupsom's Distillery.
  8386 | D:9      | Reached ** piety under Okawaru
  8451 | D:9      | Found a staircase to the Lair.
  8595 | D:9      | Noticed Harold
  8648 | D:9      | HP: 19/82 [poisoned by an orc wizard]
  8653 | D:9      | HP: 13/82 [poisoned by an orc wizard]
  8735 | D:9      | Reached skill level 6 in Invocations
  9158 | D:9      | Killed Harold
  9158 | D:9      | Reached *** piety under Okawaru
  9239 | Lair:1   | Entered Level 1 of the Lair of Beasts
  9244 | Lair:1   | Noticed a cane toad
  9279 | Lair:1   | Killed a cane toad
  9279 | Lair:1   | Received a gift from Okawaru
  9280 | Lair:1   | Reached XP level 11. HP: 29/87 MP: 19/19
  9661 | Lair:1   | Reached skill level 9 in Fighting
  9661 | Lair:1   | Reached skill level 9 in Armour
  9661 | Lair:1   | Reached skill level 9 in Shields
  9680 | Lair:1   | Reached skill level 6 in Short Blades
  9680 | Lair:1   | Reached skill level 6 in Long Blades
  9680 | Lair:1   | Reached skill level 6 in Maces & Flails
  9680 | Lair:1   | Reached skill level 6 in Polearms
  9680 | Lair:1   | Reached skill level 6 in Staves
  9680 | Lair:1   | Reached skill level 6 in Slings
  9680 | Lair:1   | Reached skill level 6 in Bows
  9680 | Lair:1   | Reached skill level 6 in Crossbows
  9680 | Lair:1   | Reached skill level 6 in Throwing
  9680 | Lair:1   | Reached skill level 6 in Dodging
  9680 | Lair:1   | Reached skill level 6 in Stealth
  9680 | Lair:1   | Reached skill level 6 in Unarmed Combat
  9680 | Lair:1   | Reached skill level 6 in Spellcasting
  9680 | Lair:1   | Reached skill level 6 in Evocations
  9713 | Lair:1   | Reached skill level 5 in Conjurations
  9713 | Lair:1   | Reached skill level 5 in Hexes
  9713 | Lair:1   | Reached skill level 5 in Summonings
  9713 | Lair:1   | Reached skill level 5 in Necromancy
  9713 | Lair:1   | Reached skill level 5 in Translocations
  9713 | Lair:1   | Reached skill level 5 in Transmutations
  9713 | Lair:1   | Reached skill level 5 in Fire Magic
  9713 | Lair:1   | Reached skill level 5 in Ice Magic
  9713 | Lair:1   | Reached skill level 5 in Air Magic
  9713 | Lair:1   | Reached skill level 5 in Earth Magic
  9713 | Lair:1   | Reached skill level 5 in Poison Magic
  9727 | Lair:1   | Noticed Joseph
  9742 | Lair:1   | Reached **** piety under Okawaru
 10004 | Lair:1   | Reached skill level 7 in Invocations
 10114 | Lair:1   | Reached ***** piety under Okawaru
 10115 | Lair:1   | Reached skill level 8 in Axes
 10203 | Lair:1   | Killed Joseph
 10339 | Lair:1   | Received a gift from Okawaru
 10646 | Lair:1   | Noticed a five-headed hydra
 10665 | Lair:1   | Killed a five-headed hydra
 10992 | Lair:1   | Noticed Maggie
 11015 | Lair:1   | Killed Maggie
 11203 | Lair:1   | HP: 22/89 [black mamba (12)]
 11353 | Lair:1   | Reached XP level 12. HP: 77/96 MP: 14/22
 11812 | Lair:2   | Noticed a spriggan berserker
 11813 | Lair:2   | Noticed pigah's ghost (journeyman OpAE)
 11849 | Arena    | Entered the Arena
 11885 | Arena    | Reached skill level 7 in Short Blades
 11885 | Arena    | Reached skill level 7 in Long Blades
 11885 | Arena    | Reached skill level 7 in Maces & Flails
 11885 | Arena    | Reached skill level 7 in Polearms
 11885 | Arena    | Reached skill level 7 in Staves
 11885 | Arena    | Reached skill level 7 in Slings
 11885 | Arena    | Reached skill level 7 in Bows
 11885 | Arena    | Reached skill level 7 in Crossbows
 11885 | Arena    | Reached skill level 7 in Throwing
 11885 | Arena    | Reached skill level 7 in Dodging
 11885 | Arena    | Reached skill level 7 in Stealth
 11885 | Arena    | Reached skill level 7 in Unarmed Combat
 11885 | Arena    | Reached skill level 7 in Spellcasting
 11885 | Arena    | Reached skill level 7 in Evocations
 11930 | Lair:2   | Found a bloodstained altar of Trog.
 11936 | Lair:2   | Found a gate leading to a gauntlet.
 11946 | Gauntlet | Entered a Gauntlet
 11946 | Gauntlet | Noticed a catoblepas
 11946 | Gauntlet | Found the necklace of Bloodlust {*Rage Will++ Int-3 Slay+6}
 11946 | Gauntlet | Found a transporter.
 11946 | Gauntlet | Found a transporter.
 11946 | Gauntlet | Found a transporter.
 11957 | Gauntlet | Found a transporter.
 11981 | Gauntlet | Found a transporter.
 11993 | Gauntlet | Found a transporter.
 12013 | Gauntlet | Found a transporter.
 12015 | Gauntlet | Found a transporter.
 12037 | Gauntlet | Found a transporter.
 12040 | Gauntlet | Found a transporter.
 12074 | Gauntlet | Found a transporter.
 12101 | Gauntlet | Found a transporter.
 12161 | Gauntlet | Identified the +0 hat of Autotheism {Drain Dex+3}
 12206 | Gauntlet | Killed a catoblepas
 12219 | Gauntlet | Reached skill level 6 in Conjurations
 12219 | Gauntlet | Reached skill level 6 in Hexes
 12219 | Gauntlet | Reached skill level 6 in Summonings
 12219 | Gauntlet | Reached skill level 6 in Necromancy
 12219 | Gauntlet | Reached skill level 6 in Translocations
 12219 | Gauntlet | Reached skill level 6 in Transmutations
 12219 | Gauntlet | Reached skill level 6 in Fire Magic
 12219 | Gauntlet | Reached skill level 6 in Ice Magic
 12219 | Gauntlet | Reached skill level 6 in Air Magic
 12219 | Gauntlet | Reached skill level 6 in Earth Magic
 12219 | Gauntlet | Reached skill level 6 in Poison Magic
 12462 | Gauntlet | Identified the +0 hat of Wasted Space {Rampage Dex+4}
 12617 | Gauntlet | Noticed a minotaur
 12627 | Gauntlet | Killed a minotaur
 12628 | Gauntlet | Reached skill level 8 in Invocations
 12848 | Lair:2   | Reached skill level 10 in Fighting
 12848 | Lair:2   | Reached skill level 10 in Armour
 12848 | Lair:2   | Reached skill level 10 in Shields
 12870 | Lair:2   | Found a transporter.
 12874 | Lair:2   | Found a transporter.
 13218 | Lair:2   | Noticed a four-headed hydra
 13239 | Lair:2   | Killed a four-headed hydra
 13239 | Lair:2   | Received a gift from Okawaru
 13411 | Lair:3   | Noticed a seven-headed hydra
 13424 | Lair:3   | Killed a seven-headed hydra
 13425 | Lair:3   | Reached skill level 9 in Axes
 13692 | Lair:3   | You pick up a book of Blood and begin reading...
 14183 | Lair:3   | Reached XP level 13. HP: 103/103 MP: 24/24
 14950 | Lair:3   | magus.rc [v1.9.6]
 14967 | Lair:4   | Reached skill level 8 in Short Blades
 14967 | Lair:4   | Reached skill level 8 in Long Blades
 14967 | Lair:4   | Reached skill level 8 in Maces & Flails
 14967 | Lair:4   | Reached skill level 8 in Polearms
 14967 | Lair:4   | Reached skill level 8 in Staves
 14967 | Lair:4   | Reached skill level 8 in Slings
 14967 | Lair:4   | Reached skill level 8 in Bows
 14967 | Lair:4   | Reached skill level 8 in Crossbows
 14967 | Lair:4   | Reached skill level 8 in Throwing
 14967 | Lair:4   | Reached skill level 8 in Dodging
 14967 | Lair:4   | Reached skill level 8 in Stealth
 14967 | Lair:4   | Reached skill level 8 in Unarmed Combat
 14967 | Lair:4   | Reached skill level 8 in Spellcasting
 14967 | Lair:4   | Reached skill level 8 in Evocations
 15262 | Lair:4   | Found a frozen archway.
 15306 | IceCv    | Entered an ice cave
 15316 | IceCv    | Received a gift from Okawaru
 15316 | IceCv    | Found the +8 orange crystal plate armour {Archmagi, Int+3
                  | Clar, rare=g}
 15616 | IceCv    | o - the +8 orange crystal plate armour {Archmagi, Int+3
                  | Clar, rare=g}
 15834 | IceCv    | Reached skill level 9 in Invocations
 16092 | IceCv    | Identified the ring of Liberalism {Int+6 Dex+2}
 16120 | IceCv    | You finish putting on the +8 orange crystal plate armour
                  | {Archmagi, Int+3 Clar, rare=g}.
 16948 | Lair:4   | Identified the +12 spear "Jellybane" {antimagic, Contam
                  | Dex+9 SInv}
 17023 | Lair:4   | Reached skill level 7 in Conjurations
 17023 | Lair:4   | Reached skill level 7 in Hexes
 17023 | Lair:4   | Reached skill level 7 in Summonings
 17023 | Lair:4   | Reached skill level 7 in Necromancy
 17023 | Lair:4   | Reached skill level 7 in Translocations
 17023 | Lair:4   | Reached skill level 7 in Transmutations
 17023 | Lair:4   | Reached skill level 7 in Fire Magic
 17023 | Lair:4   | Reached skill level 7 in Ice Magic
 17023 | Lair:4   | Reached skill level 7 in Air Magic
 17023 | Lair:4   | Reached skill level 7 in Earth Magic
 17023 | Lair:4   | Reached skill level 7 in Poison Magic
 17063 | Lair:4   | Found a staircase to the Snake Pit.
 17355 | Lair:4   | Found a staircase to the Swamp.
 17753 | Lair:5   | You pick up a book of Geomancy and begin reading...
 17753 | Lair:5   | You add the spells Sandblast, Passwall and Stone Arrow to
                  | your library.
 17825 | Lair:5   | You pick up a book of Necromancy and begin reading...
 17825 | Lair:5   | You add the spells Pain and Vampiric Draining to your
                  | library.
 17921 | Lair:5   | Reached skill level 9 in Slings
 17970 | Lair:5   | You fall into a shaft and drop 1 floor!
 17970 | Lair:6   | Entered Level 6 of the Lair of Beasts
 18030 | Lair:6   | Received a gift from Okawaru
 18043 | Lair:6   | Found a viscous altar of Jiyva.
 18411 | Lair:5   | Reached skill level 11 in Fighting
 18411 | Lair:5   | Reached skill level 10 in Axes
 18411 | Lair:5   | Reached skill level 11 in Armour
 18411 | Lair:5   | Reached skill level 11 in Shields
 18420 | Lair:5   | Reached ****** piety under Okawaru
 18421 | Lair:5   | Reached XP level 14. HP: 105/113 MP: 8/26
 19060 | Lair:6   | Reached skill level 9 in Short Blades
 19060 | Lair:6   | Reached skill level 9 in Long Blades
 19060 | Lair:6   | Reached skill level 9 in Maces & Flails
 19060 | Lair:6   | Reached skill level 9 in Polearms
 19060 | Lair:6   | Reached skill level 9 in Staves
 19060 | Lair:6   | Reached skill level 9 in Bows
 19060 | Lair:6   | Reached skill level 9 in Crossbows
 19060 | Lair:6   | Reached skill level 9 in Throwing
 19060 | Lair:6   | Reached skill level 9 in Dodging
 19060 | Lair:6   | Reached skill level 9 in Stealth
 19060 | Lair:6   | Reached skill level 9 in Unarmed Combat
 19060 | Lair:6   | Reached skill level 9 in Spellcasting
 19060 | Lair:6   | Reached skill level 9 in Evocations
 19154 | Lair:6   | Received a gift from Okawaru
 19190 | Lair:6   | Identified the +7 arbalest "Cavatotede" {flame, Int+3}
 19245 | Lair:6   | Found a staircase to the Slime Pits.
 19351 | Lair:6   | Reached skill level 10 in Invocations
 19372 | Lair:6   | Reached skill level 10 in Slings
 19386 | Lair:6   | Received a gift from Okawaru
 20097 | Lair:6   | Found a corrupted altar of Lugonu.
 20097 | Lair:6   | Found a one-way gate to the infinite horrors of the Abyss.
 20443 | Lair:6   | Received a gift from Okawaru
 20443 | Lair:6   | Found the +5 robe of Night {Dark Will+ SInv}
 20647 | Lair:6   | Reached skill level 8 in Conjurations
 20647 | Lair:6   | Reached skill level 8 in Hexes
 20647 | Lair:6   | Reached skill level 8 in Summonings
 20647 | Lair:6   | Reached skill level 8 in Necromancy
 20647 | Lair:6   | Reached skill level 8 in Translocations
 20647 | Lair:6   | Reached skill level 8 in Transmutations
 20647 | Lair:6   | Reached skill level 8 in Fire Magic
 20647 | Lair:6   | Reached skill level 8 in Ice Magic
 20647 | Lair:6   | Reached skill level 8 in Air Magic
 20647 | Lair:6   | Reached skill level 8 in Earth Magic
 20647 | Lair:6   | Reached skill level 8 in Poison Magic
 21127 | D:10     | Entered Level 10 of the Dungeon
 21144 | D:10     | Found a glowing golden altar of the Shining One.
 21225 | D:10     | You pick up a book of Burglary and begin reading...
 21225 | D:10     | You add the spells Ensorcelled Hibernation and Swiftness to
                  | your library.
 21278 | D:10     | Found a hide-covered altar of Uskayaw.
 21770 | D:10     | Found a hazy altar of Hepliaklqana.
 21781 | D:10     | Found a bloodstained altar of Trog.
 21910 | D:10     | Found an ancient bone altar of Kikubaaqudgha.
 22159 | D:11     | Found a flickering gateway to a bazaar.
 22169 | Bazaar   | Entered a bazaar
 22169 | Bazaar   | Found Paru's Magic Scroll Shoppe.
 22169 | Bazaar   | Found Itwy's Armour Emporium.
 22172 | Bazaar   | Found Daskonnu's General Store.
 22177 | Bazaar   | Bought a scroll of identify for 12 gold pieces
 22177 | Bazaar   | Bought a scroll of identify for 12 gold pieces
 22195 | Bazaar   | Found Waula's Antique Weapon Emporium.
 22220 | Bazaar   | Bought a dazzling trident for 212 gold pieces
 22220 | Bazaar   | Identified the +7 trident of Weisoek {elec, +Blink rPois}
                  | (You bought it in a shop in a bazaar)
 22220 | Bazaar   | Bought a jewelled flail for 212 gold pieces
 22220 | Bazaar   | Identified the +11 flail of Causality {flame, Will++ Dex+2}
                  | (You bought it in a shop in a bazaar)
 22581 | D:11     | Reached XP level 15. HP: 117/120 MP: 9/28
 23581 | D:12     | Found Ziastaer's Armour Boutique.
 23582 | D:12     | Found a staircase to the Orcish Mines.
 23597 | D:12     | Reached skill level 11 in Slings
 24320 | D:12     | You fall into a shaft and drop 3 floors!
 24320 | D:15     | Entered Level 15 of the Dungeon
 24349 | D:15     | Found a staircase to the Depths.
 24446 | D:14     | Found a runed translucent gate.
 24446 | D:14     | Noticed Vuitwomp's ghost (journeyman MiGl)
 24447 | D:14     | Found a runed translucent gate.
 24447 | D:14     | Found a runed translucent gate.
 24472 | D:14     | Received a gift from Okawaru
 24473 | D:14     | Reached skill level 10 in Short Blades
 24473 | D:14     | Reached skill level 10 in Long Blades
 24473 | D:14     | Reached skill level 11 in Axes
 24473 | D:14     | Reached skill level 10 in Maces & Flails
 24473 | D:14     | Reached skill level 10 in Polearms
 24473 | D:14     | Reached skill level 10 in Staves
 24473 | D:14     | Reached skill level 10 in Bows
 24473 | D:14     | Reached skill level 10 in Crossbows
 24473 | D:14     | Reached skill level 10 in Throwing
 24473 | D:14     | Reached skill level 10 in Dodging
 24473 | D:14     | Reached skill level 10 in Stealth
 24473 | D:14     | Reached skill level 10 in Unarmed Combat
 24473 | D:14     | Reached skill level 10 in Spellcasting
 24473 | D:14     | Reached skill level 10 in Evocations
 24634 | D:13     | Identified a scroll of acquirement
 24635 | D:13     | Acquired the +1 pair of boots "Cyozath" {rF++ rC+ Dex+4
                  | Stlth+}
 24715 | D:13     | Reached skill level 11 in Invocations
 24725 | D:13     | Received a gift from Okawaru
 24726 | D:13     | Reached skill level 12 in Fighting
 24726 | D:13     | Reached skill level 12 in Armour
 24726 | D:13     | Reached skill level 12 in Shields
 24814 | D:13     | Received a gift from Okawaru
 24946 | D:13     | Identified the ring of the Lonely Nights {rC+ Will+ MP+9
                  | Str+9 Int-5}
 25117 | D:12     | magus.rc [v1.9.6]
 25509 | Orc:1    | Entered Level 1 of the Orcish Mines
 25551 | Orc:1    | Found Luuz's Antique Weapon Boutique.
 25554 | Orc:1    | Found Elouhi's Magic Scroll Shop.
 25614 | Orc:1    | Bought a scroll of enchant armour for 82 gold pieces
 25632 | Orc:1    | Noticed Snorg
 25644 | Orc:1    | Killed Snorg
 25718 | Orc:1    | Found Geppu's General Store.
 25720 | Orc:1    | Found Kafy's Specific Store.
 25885 | Orc:2    | Entered Level 2 of the Orcish Mines
 25908 | Orc:2    | Found Fuef's Jewellery Boutique.
 26290 | Orc:2    | Found a staircase to the Elven Halls.
 26560 | Orc:2    | Found Weqogh's Magic Scroll Shoppe.
 26560 | Orc:2    | Found Ceh Hyfirr's Antique Weapon Shoppe.
 26578 | Orc:2    | Reached skill level 12 in Slings
 26596 | Orc:2    | Found Hunocogg's Distillery.
 26652 | Orc:2    | Found Hech's Armour Emporium.
 27826 | Orc:1    | Identified the +5 hat "Hyacwemi" {Harm rElec rC- Dex+3}
 27849 | Orc:1    | You pick up a book of Minor Magic and begin reading...
 27851 | Orc:1    | You pick up a book of Minor Magic and begin reading...
 28814 | D:14     | Found a gate to the Vaults.
 28822 | D:14     | Reached XP level 16. HP: 128/128 MP: 10/30
 28827 | D:14     | Received a gift from Okawaru
 28849 | D:14     | Received a gift from Okawaru
 28863 | D:14     | Reached skill level 9 in Conjurations
 28863 | D:14     | Reached skill level 9 in Hexes
 28863 | D:14     | Reached skill level 9 in Summonings
 28863 | D:14     | Reached skill level 9 in Necromancy
 28863 | D:14     | Reached skill level 9 in Translocations
 28863 | D:14     | Reached skill level 9 in Transmutations
 28863 | D:14     | Reached skill level 9 in Fire Magic
 28863 | D:14     | Reached skill level 9 in Ice Magic
 28863 | D:14     | Reached skill level 9 in Air Magic
 28863 | D:14     | Reached skill level 9 in Earth Magic
 28863 | D:14     | Reached skill level 9 in Poison Magic
 29111 | D:14     | Received a gift from Okawaru
 29335 | D:14     | Found Plog's Jewellery Boutique.
 29688 | D:14     | Killed Vuitwomp's ghost
 29801 | D:15     | Received a gift from Okawaru
 30313 | D:15     | You pick up a book of Changes and begin reading...
 30313 | D:15     | You add the spells Beastly Appendage and Spider Form to
                  | your library.
 30955 | Snake:1  | Entered Level 1 of the Snake Pit
 31143 | Snake:1  | You pick up a book of Beasts and begin reading...
 31315 | Snake:1  | Reached skill level 13 in Slings
 31367 | Snake:1  | Reached skill level 11 in Short Blades
 31367 | Snake:1  | Reached skill level 11 in Long Blades
 31367 | Snake:1  | Reached skill level 11 in Maces & Flails
 31367 | Snake:1  | Reached skill level 11 in Polearms
 31367 | Snake:1  | Reached skill level 11 in Staves
 31367 | Snake:1  | Reached skill level 11 in Bows
 31367 | Snake:1  | Reached skill level 11 in Crossbows
 31367 | Snake:1  | Reached skill level 11 in Throwing
 31367 | Snake:1  | Reached skill level 11 in Dodging
 31367 | Snake:1  | Reached skill level 11 in Stealth
 31367 | Snake:1  | Reached skill level 11 in Unarmed Combat
 31367 | Snake:1  | Reached skill level 11 in Spellcasting
 31367 | Snake:1  | Reached skill level 11 in Evocations
 31393 | Snake:1  | Received a gift from Okawaru
 31457 | Snake:1  | Reached skill level 12 in Invocations
 31715 | Snake:1  | Reached skill level 12 in Axes
 31965 | Snake:1  | Found Koss's Jewellery Emporium.
 31966 | Snake:1  | Found Fygeple's Book Boutique.
 31966 | Snake:1  | Found Zulikiul's Book Boutique.
 32200 | Snake:2  | Noticed Aizul
 32222 | Snake:1  | Killed Aizul
 32222 | Snake:1  | Identified the +0 hat of Purpose {rElec Dex+2} (Okawaru
                  | gifted it to you on level 1 of the Snake Pit)
 32222 | Snake:1  | Received a gift from Okawaru
 32469 | Snake:2  | Noticed Vashnia
 32811 | Snake:2  | Killed Vashnia
 32812 | Snake:2  | Reached skill level 13 in Fighting
 32812 | Snake:2  | Reached skill level 13 in Armour
 32812 | Snake:2  | Reached skill level 13 in Shields
 32812 | Snake:2  | Reached XP level 17. HP: 80/136 MP: 12/32
 33228 | Snake:2  | Noticed Nikola
 33468 | Snake:2  | Killed Nikola
 34020 | Snake:3  | Reached skill level 14 in Slings
 35345 | Snake:3  | Identified the +0 buckler of Xoxoil {Rampage rCorr Dex+7
                  | Slay-4} (Okawaru gifted it to you on level 3 of the Snake
                  | Pit)
 35345 | Snake:3  | Received a gift from Okawaru
 35533 | Snake:3  | You add the spells Olgreb's Toxic Radiance, Ozocubu's
                  | Refrigeration and Ignition to your library.
 35964 | Snake:3  | Reached skill level 10 in Conjurations
 35964 | Snake:3  | Reached skill level 10 in Hexes
 35964 | Snake:3  | Reached skill level 10 in Summonings
 35964 | Snake:3  | Reached skill level 10 in Necromancy
 35964 | Snake:3  | Reached skill level 10 in Translocations
 35964 | Snake:3  | Reached skill level 10 in Transmutations
 35964 | Snake:3  | Reached skill level 10 in Fire Magic
 35964 | Snake:3  | Reached skill level 10 in Ice Magic
 35964 | Snake:3  | Reached skill level 10 in Air Magic
 35964 | Snake:3  | Reached skill level 10 in Earth Magic
 35964 | Snake:3  | Reached skill level 10 in Poison Magic
 36116 | Snake:4  | Entered Level 4 of the Snake Pit
 36706 | Snake:4  | Reached skill level 13 in Invocations
 36714 | Snake:4  | Reached skill level 12 in Short Blades
 36714 | Snake:4  | Reached skill level 12 in Long Blades
 36714 | Snake:4  | Reached skill level 12 in Maces & Flails
 36714 | Snake:4  | Reached skill level 12 in Polearms
 36714 | Snake:4  | Reached skill level 12 in Staves
 36714 | Snake:4  | Reached skill level 12 in Bows
 36714 | Snake:4  | Reached skill level 12 in Crossbows
 36714 | Snake:4  | Reached skill level 12 in Throwing
 36714 | Snake:4  | Reached skill level 12 in Dodging
 36714 | Snake:4  | Reached skill level 12 in Stealth
 36714 | Snake:4  | Reached skill level 12 in Unarmed Combat
 36714 | Snake:4  | Reached skill level 12 in Spellcasting
 36714 | Snake:4  | Reached skill level 12 in Evocations
 37168 | Snake:4  | Reached XP level 18. HP: 117/144 MP: 14/34
 37451 | Snake:4  | Received a gift from Okawaru
 37452 | Snake:4  | Reached skill level 13 in Axes
 37458 | Snake:4  | Reached skill level 15 in Slings
 37892 | Snake:4  | You pick up a book of Air and begin reading...
 37892 | Snake:4  | You add the spells Shock and Airstrike to your library.
 37918 | Snake:4  | Found Fuisu's Neck Hole.
 38301 | Snake:4  | Got a serpentine rune of Zot
 38488 | Swamp:1  | Entered Level 1 of the Swamp
 38706 | Swamp:1  | You pick up a book of Storms and begin reading...
 39303 | Swamp:2  | Reached skill level 14 in Fighting
 39303 | Swamp:2  | Reached skill level 14 in Armour
 39303 | Swamp:2  | Reached skill level 14 in Shields
 40094 | Swamp:3  | Identified the +1 ring mail "Qiar" {Drain rElec rF+ Int+4}
                  | (Okawaru gifted it to you on level 3 of the Swamp)
 40094 | Swamp:3  | Received a gift from Okawaru
 40456 | Swamp:3  | Found an opulent altar of Gozag.
 41037 | Swamp:4  | Entered Level 4 of the Swamp
 41718 | Swamp:3  | Reached XP level 19. HP: 126/152 MP: 14/35
 42029 | Swamp:4  | Reached skill level 16 in Slings
 42255 | Swamp:4  | Reached skill level 14 in Invocations
 42415 | Swamp:4  | Noticed Bai Suzhen
 42463 | Swamp:4  | Killed Bai Suzhen
 42522 | Swamp:4  | Got a decaying rune of Zot
 42578 | Swamp:4  | Identified the +2 plate armour "Veurphukk" {rF+ rC+ Dex+5}
 42589 | Swamp:4  | Received a gift from Okawaru
 42613 | Swamp:4  | You pick up a book of Unlife and begin reading...
 42737 | Swamp:4  | Reached skill level 11 in Conjurations
 42737 | Swamp:4  | Reached skill level 11 in Hexes
 42737 | Swamp:4  | Reached skill level 11 in Summonings
 42737 | Swamp:4  | Reached skill level 11 in Necromancy
 42737 | Swamp:4  | Reached skill level 11 in Translocations
 42737 | Swamp:4  | Reached skill level 11 in Transmutations
 42737 | Swamp:4  | Reached skill level 11 in Fire Magic
 42737 | Swamp:4  | Reached skill level 11 in Ice Magic
 42737 | Swamp:4  | Reached skill level 11 in Air Magic
 42737 | Swamp:4  | Reached skill level 11 in Earth Magic
 42737 | Swamp:4  | Reached skill level 11 in Poison Magic
 42984 | Snake:1  | Bought the ring "Jalivonn" {Wiz rPois rN++ Str-3 Slay+5}
                  | for 996 gold pieces
 42991 | Snake:1  | Learned a level 2 spell: Wereblood
 43141 | Elf:1    | Entered Level 1 of the Elven Halls
 43141 | Elf:1    | Found a runed translucent gate.
 43141 | Elf:1    | Found a runed translucent gate.
 43141 | Elf:1    | Found a runed translucent gate.
 43141 | Elf:1    | Found a runed translucent gate.
 43141 | Elf:1    | Found a runed translucent gate.
 43141 | Elf:1    | Found a runed translucent gate.
 43142 | Elf:1    | Found a runed translucent door.
 43155 | Elf:1    | Found a runed translucent door.
 43166 | Elf:1    | Reached skill level 13 in Short Blades
 43166 | Elf:1    | Reached skill level 13 in Long Blades
 43166 | Elf:1    | Reached skill level 13 in Maces & Flails
 43166 | Elf:1    | Reached skill level 13 in Polearms
 43166 | Elf:1    | Reached skill level 13 in Staves
 43166 | Elf:1    | Reached skill level 13 in Bows
 43166 | Elf:1    | Reached skill level 13 in Crossbows
 43166 | Elf:1    | Reached skill level 13 in Throwing
 43166 | Elf:1    | Reached skill level 13 in Dodging
 43166 | Elf:1    | Reached skill level 13 in Stealth
 43166 | Elf:1    | Reached skill level 13 in Unarmed Combat
 43166 | Elf:1    | Reached skill level 13 in Spellcasting
 43166 | Elf:1    | Reached skill level 13 in Evocations
 43236 | Elf:1    | Found Viut's Antique Armour Boutique.
 43338 | Elf:1    | Received a gift from Okawaru
 43380 | Elf:1    | You add the spells Hailstorm and Irradiate to your library.
 43380 | Elf:1    | Got the Catalogue of Arcane Weapons
 43522 | Elf:1    | Received a gift from Okawaru
 43573 | Elf:1    | Identified the +1 leather armour of the Villain {rPois rF-
                  | rN+ Dex+8}
 43589 | Elf:1    | Noticed Asterion
 43619 | Elf:1    | Killed Asterion
 43811 | Elf:1    | Found Qymuog's Jewellery Shop.
 44168 | Elf:1    | Received a gift from Okawaru
 44729 | Elf:2    | Paralysed by an air elemental for 1 turns
 44736 | Elf:2    | Paralysed by an air elemental for 1 turns
 44783 | Elf:2    | Found Neib's Weapon Shop.
 44785 | Elf:2    | Paralysed by an air elemental for 1 turns
 44788 | Elf:2    | Reached skill level 14 in Axes
 45216 | Elf:2    | Identified the +3 triple crossbow "Qotun" {freeze, *Slow
                  | +Blink rPois} (Okawaru gifted it to you on level 2 of the
                  | Elven Halls)
 45216 | Elf:2    | Received a gift from Okawaru
 45235 | Elf:2    | Found a runed translucent gate.
 45235 | Elf:2    | Found a runed translucent gate.
 45235 | Elf:2    | Found a runed translucent gate.
 45483 | Elf:2    | Reached XP level 20. HP: 150/161 MP: 8/37
 45593 | Elf:2    | Reached skill level 17 in Slings
 45600 | Elf:2    | W - a +3 vampiric double sword {longrare=g}
 45927 | Elf:3    | Entered Level 3 of the Elven Halls
 45939 | Elf:3    | Received a gift from Okawaru
 46014 | Elf:3    | You drop a +3 vampiric double sword {longrare=g}.
 46018 | Elf:3    | W - a +3 vampiric double sword {longrare=g}
 46036 | Elf:3    | Found Pynou's Weapon Shop.
 46074 | Elf:3    | Noticed a Tzitzimitl
 46105 | Elf:3    | Reached skill level 15 in Fighting
 46105 | Elf:3    | Reached skill level 15 in Armour
 46105 | Elf:3    | Reached skill level 15 in Shields
 46361 | Elf:3    | a deep elf death mage comes into view. It is wielding a +0
                  | rapier and wearing the ring of the Hare {EV+8}.
 46963 | Elf:3    | Received a gift from Okawaru
 47064 | Elf:3    | a deep elf sorcerer comes into view. It is wielding a +4
                  | scimitar of holy wrath and wearing the +3 robe of Clouds
                  | {*Thunder rCloud rElec}.
 47151 | Elf:3    | Reached skill level 15 in Invocations
 47241 | Elf:3    | You add the spells Blink, Manifold Assault and Storm Form
                  | to your library.
 47487 | Elf:3    | Received a gift from Okawaru
 47688 | Elf:3    | You drop a +3 vampiric double sword {longrare=g}.
 47691 | Elf:3    | W - a +3 vampiric double sword {longrare=g}
 47720 | Elf:3    | Identified the +1 ring mail of the Mackerel {+Blink Str+4}
                  | (Okawaru gifted it to you on level 3 of the Elven Halls)
 47720 | Elf:3    | Received a gift from Okawaru
 47922 | Elf:3    | You drop a +3 vampiric double sword {longrare=g}.
 47924 | Elf:3    | W - a +3 vampiric double sword {longrare=g}
 47942 | Elf:3    | You pick up a book of Spatial Translocations and begin
                  | reading...
 47945 | Elf:3    | You pick up a book of Chaos and begin reading...
 47945 | Elf:3    | You add the spells Conjure Ball Lightning, Disjunction and
                  | Discord to your library.
 47951 | Elf:3    | Got the Collected Works on Lightness
 47991 | Elf:3    | You add the spells Freeze and Apportation to your library.
 47991 | Elf:3    | Got Yhios's Reference Book on Freezing Orientation
 47993 | Elf:3    | You pick up a book of Misfortune and begin reading...
 47993 | Elf:3    | You add the spells Confusing Touch, Yara's Violent
                  | Unravelling and Enfeeble to your library.
 47999 | Elf:3    | You pick up a book of the Moon and begin reading...
 47999 | Elf:3    | You add the spells Passage of Golubria and Lehudib's
                  | Crystal Spear to your library.
 48016 | Elf:3    | You drop a +3 vampiric double sword {longrare=g}.
 48019 | Elf:3    | W - a +3 vampiric double sword {longrare=g}
 48129 | Elf:3    | Reached skill level 14 in Short Blades
 48129 | Elf:3    | Reached skill level 14 in Long Blades
 48129 | Elf:3    | Reached skill level 14 in Maces & Flails
 48129 | Elf:3    | Reached skill level 14 in Polearms
 48129 | Elf:3    | Reached skill level 14 in Staves
 48129 | Elf:3    | Reached skill level 14 in Bows
 48129 | Elf:3    | Reached skill level 14 in Crossbows
 48129 | Elf:3    | Reached skill level 14 in Throwing
 48129 | Elf:3    | Reached skill level 14 in Dodging
 48129 | Elf:3    | Reached skill level 14 in Stealth
 48129 | Elf:3    | Reached skill level 14 in Unarmed Combat
 48129 | Elf:3    | Reached skill level 14 in Spellcasting
 48129 | Elf:3    | Reached skill level 14 in Evocations
 48818 | Snake:4  | Bought a +2 cloak of willpower for 344 gold pieces
 49087 | Vaults:1 | Entered Level 1 of the Vaults
 49172 | Vaults:1 | Reached skill level 12 in Conjurations
 49172 | Vaults:1 | Reached skill level 12 in Hexes
 49172 | Vaults:1 | Reached skill level 12 in Summonings
 49172 | Vaults:1 | Reached skill level 12 in Necromancy
 49172 | Vaults:1 | Reached skill level 12 in Translocations
 49172 | Vaults:1 | Reached skill level 12 in Transmutations
 49172 | Vaults:1 | Reached skill level 12 in Fire Magic
 49172 | Vaults:1 | Reached skill level 12 in Ice Magic
 49172 | Vaults:1 | Reached skill level 12 in Air Magic
 49172 | Vaults:1 | Reached skill level 12 in Earth Magic
 49172 | Vaults:1 | Reached skill level 12 in Poison Magic
 49207 | Vaults:1 | Reached XP level 21. HP: 63/169 MP: 16/39
 49514 | D:14     | Reached skill level 18 in Slings
 49757 | Vaults:1 | You pick up a book of Party Tricks and begin reading...
 50061 | Vaults:1 | Identified the +5 mace "Kompu" {elec, Will+}
 50178 | Vaults:1 | Reached skill level 15 in Axes
 50197 | Vaults:1 | Identified +0 gold dragon scales (Okawaru gifted it to you
                  | on level 1 of the Vaults)
 50197 | Vaults:1 | Received a gift from Okawaru
 50234 | Vaults:1 | Reached skill level 16 in Fighting
 50385 | Vaults:1 | c - +0 gold dragon scales {rare}
 50850 | Vaults:1 | Identified the +2 hunting sling "Afesk" {flame, rElec
                  | Str+3}
 51574 | Vaults:2 | Found a gateway to a bazaar.
 51575 | Vaults:2 | Found Annih's Magic Scroll Boutique.
 51593 | Bazaar   | Entered a bazaar
 51655 | Bazaar   | Found Qewuxel's Assorted Antiques.
 51660 | Bazaar   | Bought a scroll of enchant weapon for 187 gold pieces
 51671 | Bazaar   | Found Jetaq's Antique Armour Shoppe.
 51671 | Bazaar   | Found Azoxad's Armour Emporium.
 51757 | Bazaar   | Bought a scroll of blinking for 187 gold pieces
 53299 | Vaults:2 | You pick up a book of Armaments and begin reading...
 53470 | Vaults:2 | Received a gift from Okawaru
 53480 | Vaults:2 | Found a staircase to the Crypt.
 53530 | Vaults:2 | Reached skill level 16 in Armour
 53530 | Vaults:2 | Reached skill level 16 in Shields
 53574 | Vaults:2 | Reached skill level 16 in Invocations
 54052 | Vaults:3 | You pick up a book of Lightning and begin reading...
 54052 | Vaults:3 | You add the spells Static Discharge and Maxwell's
                  | Capacitive Coupling to your library.
 54078 | Vaults:3 | Found Ohynwun's Antique Armour Boutique.
 54084 | Vaults:3 | Reached XP level 22. HP: 153/180 MP: 16/40
 54263 | Vaults:3 | Found a magical portal.
 54282 | WizLab   | Entered Alistair's Party Mansion
 54303 | WizLab   | Reached skill level 19 in Slings
 54521 | WizLab   | Reached skill level 17 in Fighting
 54561 | WizLab   | Received a gift from Okawaru
 54568 | WizLab   | Noticed a golden dragon
 54596 | WizLab   | Reached skill level 15 in Short Blades
 54596 | WizLab   | Reached skill level 15 in Long Blades
 54596 | WizLab   | Reached skill level 15 in Maces & Flails
 54596 | WizLab   | Reached skill level 15 in Polearms
 54596 | WizLab   | Reached skill level 15 in Staves
 54596 | WizLab   | Reached skill level 15 in Bows
 54596 | WizLab   | Reached skill level 15 in Crossbows
 54596 | WizLab   | Reached skill level 15 in Throwing
 54596 | WizLab   | Reached skill level 15 in Dodging
 54596 | WizLab   | Reached skill level 15 in Stealth
 54596 | WizLab   | Reached skill level 15 in Unarmed Combat
 54596 | WizLab   | Reached skill level 15 in Spellcasting
 54596 | WizLab   | Reached skill level 15 in Evocations
 54654 | WizLab   | HP: 25/181 [deep elf high priest/damnation (33)]
 54658 | WizLab   | Identified a +0 robe of the Archmagi
 55078 | WizLab   | Noticed a golden dragon
 55078 | WizLab   | Noticed a golden dragon
 55079 | WizLab   | Noticed a golden dragon
 55079 | Arena    | Entered the Arena
 55200 | WizLab   | Acquired 1007 gold pieces
 55243 | WizLab   | Got the Grimoire of Unstable Intoxication
 55574 | Vaults:3 | Identified the +5 ring mail of Parlour Games {rF- rC+ rN+}
                  | (Okawaru gifted it to you on level 3 of the Vaults)
 55574 | Vaults:3 | Received a gift from Okawaru
 55809 | Vaults:3 | Found a huge runed gate.
 55809 | Vaults:3 | Found a huge runed gate.
 55809 | Vaults:3 | Found a huge runed gate.
 55809 | Vaults:3 | Found a huge runed gate.
 55809 | Vaults:3 | Found a huge runed gate.
 55810 | Vaults:3 | Found a huge runed gate.
 55810 | Vaults:3 | Found a huge runed gate.
 55810 | Vaults:3 | Found a huge runed gate.
 55810 | Vaults:3 | Found a huge runed gate.
 55811 | Vaults:3 | Found a huge runed gate.
 55822 | Vaults:3 | Found a huge runed gate.
 55822 | Vaults:3 | Found a huge runed gate.
 55822 | Vaults:3 | Found a huge runed gate.
 55822 | Vaults:3 | Found a huge runed gate.
 55822 | Vaults:3 | Found a huge runed gate.
 55824 | Vaults:3 | Found a huge runed gate.
 55825 | Vaults:3 | Found a huge runed gate.
 55831 | Vaults:3 | Found a huge runed gate.
 55832 | Vaults:3 | Found a huge runed gate.
 55841 | Vaults:3 | Found a huge runed gate.
 55841 | Vaults:3 | Found a huge runed gate.
 55841 | Vaults:3 | Found a huge runed gate.
 55841 | Vaults:3 | Found a huge runed gate.
 55841 | Vaults:3 | Found a huge runed gate.
 55841 | Vaults:3 | Found a huge runed gate.
 55842 | Vaults:3 | Found a huge runed gate.
 55843 | Vaults:3 | Found a huge runed gate.
 55844 | Vaults:3 | Found a huge runed gate.
 55852 | Vaults:3 | Found a huge runed gate.
 55852 | Vaults:3 | Found a huge runed gate.
 55852 | Vaults:3 | Found a huge runed gate.
 55852 | Vaults:3 | Found a huge runed gate.
 55852 | Vaults:3 | Found a huge runed gate.
 55852 | Vaults:3 | Found a huge runed gate.
 55853 | Vaults:3 | Found a huge runed gate.
 55854 | Vaults:3 | Found a huge runed gate.
 56249 | Vaults:3 | Reached skill level 13 in Fire Magic
 56464 | Vaults:3 | Reached skill level 13 in Conjurations
 56464 | Vaults:3 | Reached skill level 13 in Hexes
 56464 | Vaults:3 | Reached skill level 13 in Summonings
 56464 | Vaults:3 | Reached skill level 13 in Necromancy
 56464 | Vaults:3 | Reached skill level 13 in Translocations
 56464 | Vaults:3 | Reached skill level 13 in Transmutations
 56464 | Vaults:3 | Reached skill level 13 in Ice Magic
 56464 | Vaults:3 | Reached skill level 13 in Air Magic
 56464 | Vaults:3 | Reached skill level 13 in Earth Magic
 56464 | Vaults:3 | Reached skill level 13 in Poison Magic
 57176 | Vaults:3 | Identified the +4 arbalest "Ureplaif" {flame, SInv}
 57188 | Arena    | Entered the Arena
 57757 | Vaults:3 | a +0 flail {mace}; a +0 arbalest {crossbow}; +0 storm
                  | dragon scales {rare}
 57789 | Vaults:3 | magus.rc [v1.9.6]
 57923 | Vaults:4 | Reached skill level 16 in Axes
 58024 | Vaults:4 | HP: 37/183 [ironbound frostheart (15)]
 58029 | Vaults:4 | Reached XP level 23. HP: 59/190 MP: 17/42
 58030 | Vaults:4 | Received a gift from Okawaru
 58842 | Vaults:4 | Reached skill level 18 in Fighting
 59141 | Vaults:4 | Received a gift from Okawaru
 59353 | Vaults:3 | Reached skill level 20 in Slings
 59482 | Vaults:4 | Received a gift from Okawaru
 59586 | Vaults:4 | You pick up a book of Spectacle and begin reading...
 59586 | Vaults:4 | You add the spells Dazzling Flash, Iskenderun's Mystic
                  | Blast and Starburst to your library.
 60261 | Slime:1  | Entered Level 1 of the Pits of Slime
 60671 | Lair:6   | Received a gift from Okawaru
 60733 | Lair:6   | You finish taking off the +8 orange crystal plate armour
                  | {Archmagi, Int+3 Clar, rare=g}.
 60746 | Lair:6   | Learned a level 7 spell: Storm Form
 61335 | Lair:6   | You finish putting on the +8 orange crystal plate armour
                  | {Archmagi, Int+3 Clar, rare=g}.
 61526 | Orc:2    | Bought a scorched morningstar for 252 gold pieces
 61526 | Orc:2    | Identified the +9 morningstar of Flawed Execution {drain,
                  | *Noise rElec Will+++ Str-3} (You bought it in a shop on
                  | level 2 of the Orcish Mines)
 61617 | Orc:1    | Bought a masterwork spear for 264 gold pieces
 61617 | Orc:1    | Identified the +7 spear "Yjuenoantue" {freeze, +Blink Str+3
                  | Dex+3} (You bought it in a shop on level 1 of the Orcish
                  | Mines)
 61619 | Orc:1    | Bought a crystal mace for 264 gold pieces
 61619 | Orc:1    | Identified the +7 mace "Ifoeq" {vamp, rF+ rCorr Stlth-}
                  | (You bought it in a shop on level 1 of the Orcish Mines)
 61619 | Orc:1    | Bought a glimmering mace for 264 gold pieces
 61619 | Orc:1    | Identified the +7 mace of Thoughtfulness {vorpal, Dex+4
                  | SInv} (You bought it in a shop on level 1 of the Orcish
                  | Mines)
 61621 | Orc:1    | You drop a +3 vampiric double sword {longrare=g}.
 61731 | Orc:1    | W - a +3 vampiric double sword {longrare=g}
 62054 | Slime:1  | Reached skill level 17 in Invocations
 62311 | Slime:2  | Gained mutation: Your magical capacity is low. (-10% MP) [a
                  | shining eye]
 62604 | Slime:2  | Noticed Dissolution
 62608 | Slime:2  | Gained mutation: You sometimes lose the ability to read
                  | scrolls when taking damage. [a shining eye]
 62610 | Slime:2  | Gained mutation: You are clumsy. (Dex -2) [a shining eye]
 62611 | Slime:2  | Gained mutation: Your body sometimes deteriorates upon
                  | taking damage. [a shining eye]
 62619 | Slime:2  | Paralysed by a floating eye for 3 turns
 62643 | Lair:6   | Paralysed by a floating eye for 4 turns
 62656 | Lair:6   | Killed Dissolution
 62657 | Lair:6   | Reached skill level 14 in Fire Magic
 62928 | Lair:6   | Lost mutation: You are clumsy. (Dex -2) [potion of
                  | mutation]
 62928 | Lair:6   | Lost mutation: Your magical capacity is low. (-10% MP)
                  | [potion of mutation]
 62928 | Lair:6   | Gained mutation: You are clumsy. (Dex -2) [potion of
                  | mutation]
 62928 | Lair:6   | Gained mutation: Your muscles are strong. (Str +2) [potion
                  | of mutation]
 63075 | D:12     | Lost mutation: You sometimes lose the ability to read
                  | scrolls when taking damage. [potion of mutation]
 63075 | D:12     | Lost mutation: Your muscles are strong. (Str +2) [potion of
                  | mutation]
 63075 | D:12     | Gained mutation: You are robust. (+10% HP) [potion of
                  | mutation]
 63075 | D:12     | Gained mutation: You are weak. (Str -2) [potion of
                  | mutation]
 63075 | D:12     | Gained mutation: Your mind is acute. (Int +2) [potion of
                  | mutation]
 63076 | D:12     | Lost mutation: You are clumsy. (Dex -2) [potion of
                  | mutation]
 63076 | D:12     | Lost mutation: You are robust. (+10% HP) [potion of
                  | mutation]
 63076 | D:12     | Gained mutation: You are partially covered in iridescent
                  | scales. (AC +2) [potion of mutation]
 63077 | D:12     | Lost mutation: Your body sometimes deteriorates upon taking
                  | damage. [potion of mutation]
 63077 | D:12     | Lost mutation: You are weak. (Str -2) [potion of mutation]
 63077 | D:12     | Lost mutation: You are partially covered in iridescent
                  | scales. (AC +2) [potion of mutation]
 63077 | D:12     | Gained mutation: You passively map a small area around you.
                  | [potion of mutation]
 63077 | D:12     | Lost mutation: You passively map a small area around you.
                  | [potion of mutation]
 63077 | D:12     | Gained mutation: You are robust. (+10% HP) [potion of
                  | mutation]
 63527 | Depths:1 | Entered Level 1 of the Depths
 63808 | D:15     | Reached skill level 17 in Armour
 63808 | D:15     | Reached skill level 17 in Shields
 63848 | Depths:1 | You drop a +3 vampiric double sword {longrare=g}.
 63851 | Depths:1 | W - a +3 vampiric double sword {longrare=g}
 63943 | Depths:1 | You pick up a book of Chaos and begin reading...
 64367 | Depths:1 | You pick up a book of Annihilations and begin reading...
 64367 | Depths:1 | You add the spells Chain Lightning, Fire Storm and Shatter
                  | to your library.
 64371 | Depths:1 | You pick up a book of Alchemy and begin reading...
 64373 | Depths:1 | You pick up a book of Geomancy and begin reading...
 64375 | Depths:1 | Identified the ring "Oshocij" {+Blink rN+ Will+ Str+5
                  | Int-4}
 64422 | Depths:1 | Received a gift from Okawaru
 64459 | Depths:1 | Found a one-way gateway to a ziggurat.
 64785 | Depths:1 | You drop +0 gold dragon scales {rare}.
 64826 | Depths:1 | Reached skill level 16 in Short Blades
 64826 | Depths:1 | Reached skill level 16 in Long Blades
 64826 | Depths:1 | Reached skill level 16 in Maces & Flails
 64826 | Depths:1 | Reached skill level 16 in Polearms
 64826 | Depths:1 | Reached skill level 16 in Staves
 64826 | Depths:1 | Reached skill level 16 in Bows
 64826 | Depths:1 | Reached skill level 16 in Crossbows
 64826 | Depths:1 | Reached skill level 16 in Throwing
 64826 | Depths:1 | Reached skill level 16 in Dodging
 64826 | Depths:1 | Reached skill level 16 in Stealth
 64826 | Depths:1 | Reached skill level 16 in Unarmed Combat
 64826 | Depths:1 | Reached skill level 16 in Spellcasting
 64826 | Depths:1 | Reached skill level 16 in Evocations
 65090 | Depths:1 | Found a gateway to Hell.
 65367 | Vaults:2 | You drop a +3 vampiric double sword {longrare=g}.
 65812 | Depths:1 | You add the spells Borgnjor's Revivification and Death's
                  | Door to your library.
 65914 | Depths:1 | You finish taking off the +8 orange crystal plate armour
                  | {Archmagi, Int+3 Clar, rare=g}.
 65924 | Depths:1 | You finish putting on the +8 orange crystal plate armour
                  | {Archmagi, Int+3 Clar, rare=g}.
 66027 | Depths:2 | Reached XP level 24. HP: 220/220 MP: 43/43
 66073 | Depths:2 | Identified the +3 chain mail "Fuci" {Str+3} (Okawaru gifted
                  | it to you on level 2 of the Depths)
 66073 | Depths:2 | Received a gift from Okawaru
 66139 | Depths:2 | Reached skill level 19 in Fighting
 66694 | Depths:2 | +0 storm dragon scales {rare}; a storm dragon corpse
 66981 | Depths:2 | Found Sisch's Jewellery Shop.
 67045 | Depths:2 | Found a portal to a secret trove of treasure.
 67061 | Depths:2 | Found the +3 warlock's mirror {reflect}
 67061 | Depths:2 | Noticed a juggernaut
 67076 | Depths:2 | Killed a juggernaut
 67077 | Depths:2 | Reached skill level 21 in Slings
 67174 | Depths:2 | Identified the +1 helmet "Tichaaph" {rPois rN+ Int+7}
 67176 | Depths:2 | Identified the +10 hunting sling of Dissolution {freeze,
                  | Will+}
 67179 | Depths:2 | Identified the +3 falchion of Ryotwise {antimagic, SInv}
 67190 | Depths:2 | You pick up a book of Changes and begin reading...
 67244 | Depths:2 | Paralysed by a floating eye for 3 turns
 67326 | Depths:2 | Found a one-way gate leading to the halls of Pandemonium.
 67491 | Depths:2 | This trove needs +5 fire dragon scales to function. Give it
                  | the item?
 67491 | Depths:2 | This trove needs +5 fire dragon scales to function. Give it
                  | the item?
 67491 | Depths:2 | This trove needs +5 fire dragon scales to function. Give it
                  | the item?
 67491 | Depths:2 | This trove needs +5 fire dragon scales to function. Give it
                  | the item?
 67542 | Depths:3 | Found a hide-covered altar of Uskayaw.
 67580 | Depths:3 | Reached skill level 15 in Fire Magic
 67622 | Depths:3 | Identified the +3 robe "Sihuuxzyff" {Slay+2}
 67741 | Depths:3 | Found an iron altar of Okawaru.
 67849 | Depths:3 | Identified +0 gold dragon scales
 67850 | Depths:3 | Reached skill level 17 in Axes
 67850 | Depths:3 | Reached skill level 14 in Conjurations
 67850 | Depths:3 | Reached skill level 14 in Hexes
 67850 | Depths:3 | Reached skill level 14 in Summonings
 67850 | Depths:3 | Reached skill level 14 in Necromancy
 67850 | Depths:3 | Reached skill level 14 in Translocations
 67850 | Depths:3 | Reached skill level 14 in Transmutations
 67850 | Depths:3 | Reached skill level 14 in Ice Magic
 67850 | Depths:3 | Reached skill level 14 in Air Magic
 67850 | Depths:3 | Reached skill level 14 in Earth Magic
 67850 | Depths:3 | Reached skill level 14 in Poison Magic
 67868 | Depths:3 | +0 gold dragon scales {rare}; a golden dragon corpse
 67875 | Depths:3 | Noticed a caustic shrike
 67877 | Depths:3 | +0 gold dragon scales {rare}; a golden dragon corpse
 67889 | Depths:3 | Killed a caustic shrike
 67892 | Depths:3 | +0 gold dragon scales {rare}; a golden dragon corpse
 67906 | Depths:3 | +0 gold dragon scales {rare}; a golden dragon corpse
 67918 | Depths:3 | +0 gold dragon scales {rare}; a golden dragon corpse
 67921 | Depths:3 | +0 gold dragon scales {rare}; a golden dragon corpse
 67932 | Depths:3 | +0 gold dragon scales {rare}; a golden dragon corpse
 67944 | Depths:3 | +0 gold dragon scales {rare}; a golden dragon corpse
 67974 | Depths:3 | Identified the +2 robe of the Maze {Will++} (Okawaru gifted
                  | it to you on level 3 of the Depths)
 67974 | Depths:3 | Received a gift from Okawaru
 67993 | Depths:3 | +0 gold dragon scales {rare}; a golden dragon corpse
 68023 | Depths:3 | +0 gold dragon scales {rare}; a golden dragon corpse
 68027 | Depths:3 | +0 gold dragon scales {rare}; a golden dragon corpse
 68055 | Depths:3 | +0 gold dragon scales {rare}; a golden dragon corpse
 68104 | Depths:3 | +0 gold dragon scales {rare}; a golden dragon skeleton
 68173 | Depths:3 | +0 gold dragon scales {rare}; a golden dragon skeleton
 68206 | Depths:3 | You pick up a book of Displacement and begin reading...
 68206 | Depths:3 | You add the spells Gell's Gravitas and Teleport Other to
                  | your library.
 68216 | Depths:3 | You add the spells Conjure Flame, Ignite Poison and Sticky
                  | Flame to your library.
 68409 | Depths:3 | Noticed a caustic shrike
 68420 | Depths:3 | Killed a caustic shrike
 68965 | Depths:4 | Entered Level 4 of the Depths
 68998 | Depths:4 | Reached skill level 18 in Invocations
 69129 | Depths:4 | You pick up a book of Burglary and begin reading...
 69368 | Depths:4 | +0 storm dragon scales {rare}; a storm dragon corpse
 69386 | Depths:4 | +0 storm dragon scales {rare}; a storm dragon corpse
 69528 | Depths:4 | Noticed a caustic shrike
 69533 | Depths:4 | Noticed a caustic shrike
 69534 | Depths:4 | Killed a caustic shrike
 69535 | Depths:4 | Noticed a caustic shrike
 69547 | Depths:4 | Killed a caustic shrike
 69548 | Depths:4 | Reached XP level 25. HP: 186/231 MP: 43/43
 69549 | Depths:4 | Noticed a caustic shrike
 69552 | Depths:4 | Noticed a caustic shrike
 69554 | Depths:4 | Killed a caustic shrike
 69565 | Depths:4 | Killed a caustic shrike
 69574 | Depths:4 | Killed a caustic shrike
 69575 | Depths:4 | Reached skill level 20 in Fighting
 69892 | Depths:4 | Received a gift from Okawaru
 70146 | Depths:4 | +0 shadow dragon scales {rare}; a shadow dragon corpse
 70364 | Depths:4 | Identified the +2 robe of the Many Queens {*Slow rC++ Str+2
                  | SInv} (Okawaru gifted it to you on level 4 of the Depths)
 70364 | Depths:4 | Received a gift from Okawaru
 70514 | Depths:4 | Found a gate to the Realm of Zot.
 70688 | Depths:4 | You finish taking off the +8 orange crystal plate armour
                  | {Archmagi, Int+3 Clar, rare=g}.
 71044 | Snake:1  | Learned a level 8 spell: Necromutation
 71244 | D:14     | Bought a ring of wizardry for 510 gold pieces
 71257 | D:14     | Learned a level 8 spell: Ignition
 71577 | Slime:2  | Reached skill level 18 in Armour
 71577 | Slime:2  | Reached skill level 18 in Shields
 72535 | Slime:4  | Reached skill level 17 in Short Blades
 72535 | Slime:4  | Reached skill level 17 in Long Blades
 72535 | Slime:4  | Reached skill level 17 in Maces & Flails
 72535 | Slime:4  | Reached skill level 17 in Polearms
 72535 | Slime:4  | Reached skill level 17 in Staves
 72535 | Slime:4  | Reached skill level 22 in Slings
 72535 | Slime:4  | Reached skill level 17 in Bows
 72535 | Slime:4  | Reached skill level 17 in Crossbows
 72535 | Slime:4  | Reached skill level 17 in Throwing
 72535 | Slime:4  | Reached skill level 17 in Dodging
 72535 | Slime:4  | Reached skill level 17 in Stealth
 72535 | Slime:4  | Reached skill level 17 in Unarmed Combat
 72535 | Slime:4  | Reached skill level 17 in Spellcasting
 72535 | Slime:4  | Reached skill level 17 in Evocations
 72806 | Slime:4  | Reached skill level 16 in Fire Magic
 73326 | Slime:5  | Entered Level 5 of the Pits of Slime
 73992 | Slime:5  | Noticed the Royal Jelly
 74395 | Slime:4  | You finish putting on the +8 orange crystal plate armour
                  | {Archmagi, Int+3 Clar, rare=g}.
 75144 | Crypt:1  | Entered Level 1 of the Crypt
 75223 | Crypt:1  | Found a transporter.
 75462 | Crypt:1  | Found the +1 robe of Vines {NoPotionHeal Regen++++}
 75472 | Crypt:1  | Found a transporter.
 75488 | Crypt:1  | You finish taking off the +8 orange crystal plate armour
                  | {Archmagi, Int+3 Clar, rare=g}.
 75493 | Crypt:1  | You finish putting on the +8 orange crystal plate armour
                  | {Archmagi, Int+3 Clar, rare=g}.
 75552 | Crypt:1  | Noticed a dread lich
 75554 | Crypt:1  | Identified a +2 robe of the Archmagi
 75557 | Crypt:1  | Noticed a curse skull
 75578 | Crypt:1  | Killed a curse skull
 75579 | Crypt:1  | Lost mutation: You are robust. (+10% HP) [a cacodemon]
 75609 | Arena    | Entered the Arena
 75639 | Crypt:1  | Killed a dread lich
 75650 | Crypt:1  | Received a gift from Okawaru
 75910 | Crypt:1  | c - a +3 quick blade {shortrare=g}
 75944 | Crypt:1  | Identified the amulet "Ynloeb" {Spirit -Tele MP+9 Str+4}
 75946 | Crypt:1  | You drop a +3 quick blade {shortrare=g}.
 75947 | Crypt:1  | c - a +3 quick blade {shortrare=g}
 75990 | Crypt:1  | Identified the ring of the Pure Friends {rN+ Will+ Str+3}
 76154 | Crypt:1  | You drop a +3 quick blade {shortrare=g}.
 76245 | Crypt:1  | Could not pick up a +3 quick blade {shortrare=g} here;
                  | ([A]lways) ignore it?
 76245 | Crypt:1  | Could not pick up a +3 quick blade {shortrare=g} here;
                  | ([A]lways) ignore it?
 76245 | Crypt:1  | Could not pick up a +3 quick blade {shortrare=g} here;
                  | ([A]lways) ignore it?
 76245 | Crypt:1  | Could not pick up a +3 quick blade {shortrare=g} here;
                  | ([A]lways) ignore it?
 76245 | Crypt:1  | Could not pick up a +3 quick blade {shortrare=g} here;
                  | ([A]lways) ignore it?
 76245 | Crypt:1  | Could not pick up a +3 quick blade {shortrare=g} here;
                  | ([A]lways) ignore it?
 76245 | Crypt:1  | Could not pick up a +3 quick blade {shortrare=g} here;
                  | ([A]lways) ignore it?
 76245 | Crypt:1  | Could not pick up a +3 quick blade {shortrare=g} here;
                  | ([A]lways) ignore it?
 76245 | Crypt:1  | Could not pick up a +3 quick blade {shortrare=g} here;
                  | ([A]lways) ignore it?
 76245 | Crypt:1  | Could not pick up a +3 quick blade {shortrare=g} here;
                  | ([A]lways) ignore it?
 76245 | Crypt:1  | Could not pick up a +3 quick blade {shortrare=g} here;
                  | ([A]lways) ignore it?
 76245 | Crypt:1  | Could not pick up a +3 quick blade {shortrare=g} here;
                  | ([A]lways) ignore it?
 76245 | Crypt:1  | Could not pick up a +3 quick blade {shortrare=g} here;
                  | ([A]lways) ignore it?
 76245 | Crypt:1  | Could not pick up a +3 quick blade {shortrare=g} here;
                  | ([A]lways) ignore it?
 76245 | Crypt:1  | Could not pick up a +3 quick blade {shortrare=g} here;
                  | ([A]lways) ignore it?
 76245 | Crypt:1  | Could not pick up a +3 quick blade {shortrare=g} here;
                  | ([A]lways) ignore it?
 76245 | Crypt:1  | Could not pick up a +3 quick blade {shortrare=g} here;
                  | ([A]lways) ignore it?
 76245 | Crypt:1  | Could not pick up a +3 quick blade {shortrare=g} here;
                  | ([A]lways) ignore it?
 76245 | Crypt:1  | Could not pick up a +3 quick blade {shortrare=g} here;
                  | ([A]lways) ignore it?
 76245 | Crypt:1  | Could not pick up a +3 quick blade {shortrare=g} here;
                  | ([A]lways) ignore it?
 76245 | Crypt:1  | Could not pick up a +3 quick blade {shortrare=g} here;
                  | ([A]lways) ignore it?
 76245 | Crypt:1  | Could not pick up a +3 quick blade {shortrare=g} here;
                  | ([A]lways) ignore it?
 76245 | Crypt:1  | Could not pick up a +3 quick blade {shortrare=g} here;
                  | ([A]lways) ignore it?
 76245 | Crypt:1  | Could not pick up a +3 quick blade {shortrare=g} here;
                  | ([A]lways) ignore it?
 76631 | Crypt:1  | Could not pick up a +3 quick blade {shortrare=g} here;
                  | ([A]lways) ignore it?
 76631 | Crypt:1  | Could not pick up a +3 quick blade {shortrare=g} here;
                  | ([A]lways) ignore it?
 76631 | Crypt:1  | Could not pick up a +3 quick blade {shortrare=g} here;
                  | ([A]lways) ignore it?
 76631 | Crypt:1  | Could not pick up a +3 quick blade {shortrare=g} here;
                  | ([A]lways) ignore it?
 76631 | Crypt:1  | Could not pick up a +3 quick blade {shortrare=g} here;
                  | ([A]lways) ignore it?
 76631 | Crypt:1  | Could not pick up a +3 quick blade {shortrare=g} here;
                  | ([A]lways) ignore it?
 77269 | Slime:5  | Gained mutation: You have hidden genetic defects. [a
                  | shining eye]
 77297 | Slime:5  | Reached XP level 26. HP: 220/220 MP: 44/44
 77456 | Slime:5  | Found a viscous altar of Jiyva.
 77457 | Slime:5  | Found the +7 great mace "Undeadhunter" {disrupt, rN+}
 77555 | Slime:5  | Lost mutation: Your mind is acute. (Int +2) [potion of
                  | mutation]
 77555 | Slime:5  | Lost mutation: You have hidden genetic defects. [potion of
                  | mutation]
 77555 | Slime:5  | Gained mutation: Your muscles are strong. (Str +2) [potion
                  | of mutation]
 77555 | Slime:5  | Gained mutation: You passively dampen the noise of your
                  | surroundings. [potion of mutation]
 77744 | Slime:5  | Killed the Royal Jelly
 77745 | Slime:5  | Reached skill level 21 in Fighting
 77792 | Slime:5  | Identified the +2 glaive of Calamity {freeze, +Blink}
 77806 | Slime:5  | Got a slimy rune of Zot
 77808 | Slime:5  | You pick up a book of Ice and begin reading...
 77808 | Slime:5  | You add the spells Freezing Cloud and Polar Vortex to your
                  | library.
 77836 | Slime:5  | Identified the +0 pair of gloves "Bulemp" {rN+ rCorr}
 77842 | Slime:5  | Identified the ring of the Lion {rElec AC+4 Dex+2}
 77891 | Slime:5  | Identified the +0 ring mail of Proximity {-Cast +Blink rC+
                  | SInv}
 77912 | Slime:5  | Learned a level 6 spell: Eringya's Noxious Bog
 78365 | Zot:1    | Entered Level 1 of the Realm of Zot
 78385 | Zot:1    | Reached skill level 18 in Axes
 78890 | Zot:1    | Acquired 775 gold pieces
 79032 | Zot:1    | Reached skill level 15 in Conjurations
 79037 | Zot:1    | HP: 24/222 [something/bolt of lightning (37)]
 79038 | Arena    | Entered the Arena
 79043 | Arena    | HP: 26/222 [black draconian/bolt of lightning (24)]
 79043 | Arena    | Killed from afar by a black draconian

Vanquished Creatures
  the Royal Jelly (Slime:5)
  Dissolution (Lair:6)
  A dread lich (Crypt:1)
  A juggernaut (Depths:2)
  Bai Suzhen (Swamp:4)
  7 caustic shrikes
  Vashnia (Snake:2)
  2 golden dragons
  Nikola (Snake:2)
  A bone dragon (Depths:4)
  2 tentacled monstrosities
  2 liches
  A walking crystal tome (Depths:2)
  3 deep elf blademasters
  3 quicksilver dragons
  22 acid blobs
  Asterion (Elf:1)
  3 ancient champions
  3 deep elf master archers (Elf:3)
  A tentacled starspawn (WizLab)
  5 sphinxes
  2 thorn hunters
  5 storm dragons
  4 shadow dragons
  4 tengu reavers
  2 fenstrider witches (Swamp:4)
  13 rockslimes
  A draconian monk (Depths:4)
  A revenant (Arena)
  12 azure jellies
  6 nagarajas (Snake:4)
  15 fire giants
  13 deep elf sorcerers
  7 frost giants
  A draconian knight (Zot:1)
  12 vault wardens
  Aizul (Snake:1)
  3 draconian scorchers
  An iron dragon (Depths:2)
  A balrug (Depths:1)
  A draconian stormcaller (Zot:1)
  A caustic shrike zombie (Depths:2)
  3 deep elf elementalists (Elf:3)
  3 cacodemons (Crypt:1)
  A draconian annihilator (Zot:1)
  13 quicksilver oozes
  2 orc warlords
  4 demonspawn corrupters
  2 ghouls (Crypt:1)
  A curse skull (Crypt:1)
  The ghost of Vuitwomp the Executioner, a journeyman MiGl of Dithmenos (D:14)
  A spriggan defender (Depths:3)
  31 very ugly things
  12 stone giants
  16 ironbound preservers
  2 war gargoyles
  6 deep elf demonologists
  12 vampire knights
  4 ironbound thunderhulks
  2 eleionomae
  2 yellow draconians
  3 black draconians (Depths:4)
  2 white draconians
  2 entropy weavers
  7 spark wasps
  4 deep elf annihilators
  2 green draconians
  23 dire elephants
  A minotaur (Gauntlet)
  A bunyip (Swamp:2)
  A lorocyproca (Depths:2)
  12 deep elf death magi
  4 eidola (Crypt:1)
  2 ettins
  Snorg (Orc:1)
  A shambling mangrove (Swamp:4)
  7 fire dragons
  7 deep elf high priests
  3 crystal guardians
  11 jiangshi (Crypt:1)
  A merfolk javelineer (Depths:3)
  6 yaktaur captains
  16 great orbs of eyes
  16 naga warriors
  A salamander tyrant (Snake:1)
  Harold (D:9)
  7 boulder beetles
  32 hydras
  2 death knights
  21 vault guards
  8 ice dragons
  3 rakshasas
  2 peacekeepers
  12 ironbound frosthearts
  2 ghost crabs
  2 hell beasts (Depths:1)
  10 centaur warriors
  3 spriggan air magi
  10 alligators
  A catoblepas (Gauntlet)
  5 two-headed ogres
  2 ogre magi
  29 dancing weapons
  12 anacondas
  7 deep troll shamans
  2 spriggan skeletons
  7 tengu warriors
  4 hell hogs (Depths:1)
  2 deep troll earth magi
  A merfolk aquamancer (WizLab)
  9 shock serpents
  3 spriggan berserkers
  8 vampire magi
  3 thrashing horrors (Lair:6)
  9 orc high priests
  18 naga sharpshooters
  12 hell knights
  3 sun demons
  16 deep elf knights
  A titan skeleton (Depths:2)
  3 salamander mystics
  An iron giant zombie (Crypt:1)
  2 soul eaters
  8 iron trolls
  7 skeletal warriors (Crypt:1)
  A sixfirhy (Depths:2)
  4 spriggan druids
  3 goliath frogs
  61 deep trolls
  5 flayed ghosts
  8 naga ritualists
  A glowing orange brain (shapeshifter) (D:14)
  17 deep elf archers
  An orange crystal statue (Gauntlet)
  4 glowing orange brains
  3 bog bodies
  9 sea snakes (Snake:4)
  11 swamp dragons
  15 orc knights
  16 ironbound convokers
  3 necromancers
  19 wizards
  4 phantasmal warriors
  14 lindwurms
  4 orc sorcerers
  32 deep elf zephyrmancers
  13 mana vipers
  4 cyclopes
  30 deep elf pyromancers
  36 ugly things
  A manticore (shapeshifter) (Depths:2)
  2 manticores
  2 will-o-the-wisps (Swamp:1)
  15 salamanders
  A moth of wrath (shapeshifter) (D:14)
  2 worldbinders (WizLab)
  5 shining eyes
  18 elephants
  An elephant (shapeshifter) (Depths:3)
  59 black mambas
  Joseph (Lair:1)
  3 ice statues (IceCv)
  6 eyes of devastation
  4 smoke demons
  9 naga magi
  3 guardian serpents (Snake:4)
  6 gargoyles
  11 vault sentinels
  10 cane toads
  A shock serpent zombie (Crypt:1)
  A molten gargoyle (Gauntlet)
  An unseen horror (D:12)
  A rime drake (Lair:6)
  23 yaktaurs
  Maggie (Lair:1)
  2 kobold demonologists
  5 tengu conjurers
  2 ancient zymes (Lair:6)
  3 freezing wraiths
  8 komodo dragons
  2 entropy weaver simulacra (IceCv)
  3 efreet
  A meliai (shapeshifter) (Depths:2)
  A merfolk (D:15)
  10 trolls
  A sea snake skeleton (Crypt:1)
  4 hornets
  Grinder (D:5)
  20 blink frogs (Lair:6)
  3 polar bears
  8 tyrant leeches
  A guardian serpent zombie (Crypt:1)
  A slime creature (shapeshifter) (D:15)
  An ettin zombie (Crypt:1)
  A blink frog (shapeshifter) (D:15)
  A meliai zombie (D:10)
  105 slime creatures
  A dream sheep (shapeshifter) (Depths:4)
  15 dream sheep
  A jumping spider (Vaults:3)
  A centaur simulacrum (D:14)
  5 air elementals
  39 yaks
  4 spriggans
  6 basilisks
  2 large abominations (Lair:6)
  4 wyverns
  4 ynoxinuls (Lair:6)
  10 water elementals
  6 wraiths
  13 vampire mosquitoes
  3 chaos spawn
  5 fire elementals
  11 golden eyes
  2 steam dragons
  A redback (shapeshifter) (Lair:4)
  A redback (Vaults:3)
  A death yak simulacrum (IceCv)
  A harpy simulacrum (IceCv)
  A warg (Orc:2)
  44 nagas
  Menkaure (D:7)
  19 swamp worms
  3 acid dragons
  13 water moccasins
  A floating eye (Depths:2)
  14 swamp drakes
  A human skeleton (Depths:2)
  An ice beast (D:5)
  A sky beast (D:4)
  42 orc warriors
  4 black bears
  A hornet zombie (D:9)
  6 necrophages
  7 ogres
  9 small abominations (Lair:6)
  67 wolves
  A swamp dragon skeleton (Crypt:1)
  5 centaurs
  A phantom (D:7)
  4 kobold brigands
  14 bullfrogs
  4 earth elementals
  3 scorpions
  A wyvern skeleton (D:5)
  A water moccasin skeleton (D:5)
  A yak zombie (Crypt:1)
  2 elephant simulacra
  6 killer bees (D:9)
  2 wights (D:10)
  3 howler monkeys
  A crimson imp (Orc:1)
  9 centaur zombies
  A bullfrog zombie (D:6)
  3 hounds
  3 human zombies
  4 jellies
  Crazy Yiuf (D:4)
  2 gnoll shamans
  38 orc priests
  3 centaur skeletons
  An iron imp (Orc:1)
  2 bullfrog skeletons
  3 iguanas
  34 orc wizards
  4 polar bear simulacra
  A wolf simulacrum (IceCv)
  2 killer bee zombies
  A dwarf skeleton (Crypt:1)
  2 hound zombies (Ossuary)
  A hound skeleton (D:5)
  5 mummies
  7 gnolls
  6 adders
  A shadow imp (Orc:1)
  2 white imps
  An ufetubus (D:6)
  A worm zombie (D:4)
  2 adder zombies (Ossuary)
  An iguana skeleton (Crypt:1)
  2 worms
  79 orcs
  9 ball pythons
  6 endoplasms
  2 gnoll zombies (Ossuary)
  12 goblins
  11 hobgoblins
  4 jackals (D:1)
  7 quokkas
  6 bats
  6 frilled lizards
  2 goblin zombies (Ossuary)
  5 hobgoblin zombies (Ossuary)
  8 jackal zombies (Ossuary)
  19 kobolds
  A kobold zombie (Ossuary)
  A quokka skeleton (D:4)
  4 quokka zombies (Ossuary)
  6 rats
  4 rat zombies
2155 creatures vanquished.

Vanquished Creatures (others)
  A yaktaur captain (Vaults:3)
  A merfolk aquamancer (WizLab)
  A deep elf knight (Elf:3)
  A deep elf pyromancer (Elf:1)
  A naga mage (Snake:4)
  2 bloated husks (Swamp:1)
  A tyrant leech (Swamp:4)
  2 orc wizards (Orc:1)
  An orc (Orc:1)
  2 briar patches (Swamp:3)
  10 foxfires
  57 fungi
  62 plants
  9 starspawn tentacles (WizLab)
151 creatures vanquished.

Grand Total: 2306 creatures vanquished

Table legend:
 A = Non-vault XP
 B = Vault XP
 C = Vault XP percentage of total XP
 D = Non-vault monster count
 E = Vault monster count
 F = Vault count percentage of total count
                 A         B        C        D         E       F
            +---------+---------+-------+---------+---------+-------
      Total |  658051 |  480303 |  42.2 |    1371 |     766 |  35.8
            +---------+---------+-------+---------+---------+-------
        D:1 |      41 |       0 |   0.0 |      25 |       0 |   0.0
        D:2 |     132 |       6 |   4.3 |      25 |       4 |  13.8
        D:3 |     217 |       0 |   0.0 |      20 |       0 |   0.0
        D:4 |     636 |      50 |   7.3 |      25 |       3 |  10.7
        D:5 |     690 |     286 |  29.3 |      17 |       1 |   5.6
        D:6 |     606 |       0 |   0.0 |      16 |       0 |   0.0
        D:7 |    1743 |     157 |   8.3 |      31 |       1 |   3.1
        D:8 |     918 |       0 |   0.0 |      11 |       0 |   0.0
        D:9 |    1171 |    1821 |  60.9 |      16 |       9 |  36.0
       D:10 |    2143 |    1856 |  46.4 |       9 |      12 |  57.1
       D:11 |    1300 |       0 |   0.0 |       6 |       0 |   0.0
       D:12 |    4831 |     194 |   3.9 |      20 |       5 |  20.0
       D:13 |    7167 |    5880 |  45.1 |      21 |       8 |  27.6
       D:14 |    9443 |   15317 |  61.9 |      18 |      22 |  55.0
       D:15 |   14364 |    1950 |  12.0 |      19 |       4 |  17.4
     Lair:1 |    4540 |    5555 |  55.0 |      21 |      38 |  64.4
     Lair:2 |    5109 |       0 |   0.0 |      19 |       0 |   0.0
     Lair:3 |    5240 |     913 |  14.8 |      29 |       7 |  19.4
     Lair:4 |    2640 |    5061 |  65.7 |      10 |      19 |  65.5
     Lair:5 |    8965 |       0 |   0.0 |      28 |       0 |   0.0
     Lair:6 |   23173 |   17370 |  42.8 |      68 |      38 |  35.8
    Swamp:1 |   13163 |       0 |   0.0 |      27 |       0 |   0.0
    Swamp:2 |    5706 |       0 |   0.0 |      10 |       0 |   0.0
    Swamp:3 |   14996 |    8123 |  35.1 |      27 |      12 |  30.8
    Swamp:4 |    7718 |   13456 |  63.5 |      15 |      19 |  55.9
    Snake:1 |   16745 |    5903 |  26.1 |      34 |      10 |  22.7
    Snake:2 |   19117 |    8394 |  30.5 |      34 |       6 |  15.0
    Snake:3 |   22346 |       0 |   0.0 |      47 |       0 |   0.0
    Snake:4 |   26139 |   27164 |  51.0 |      49 |      42 |  46.2
    Slime:1 |   15789 |       0 |   0.0 |      32 |       0 |   0.0
    Slime:2 |    5188 |       0 |   0.0 |      13 |       0 |   0.0
    Slime:3 |   17160 |       0 |   0.0 |      30 |       0 |   0.0
    Slime:4 |   11050 |    3312 |  23.1 |      18 |       4 |  18.2
    Slime:5 |    9619 |   22053 |  69.6 |      13 |      14 |  51.9
      Orc:1 |    3829 |    2419 |  38.7 |      37 |      15 |  28.8
      Orc:2 |    3496 |    5534 |  61.3 |      43 |      41 |  48.8
      Elf:1 |   16652 |   14071 |  45.8 |      28 |      21 |  42.9
      Elf:2 |   24300 |   23559 |  49.2 |      39 |      30 |  43.5
      Elf:3 |   22777 |   43414 |  65.6 |      36 |      59 |  62.1
   Vaults:1 |   23420 |   29227 |  55.5 |      35 |      37 |  51.4
   Vaults:2 |   42751 |    7142 |  14.3 |      63 |      26 |  29.2
   Vaults:3 |   45172 |   27264 |  37.6 |      64 |      29 |  31.2
   Vaults:4 |   30275 |   12948 |  30.0 |      38 |      15 |  28.3
    Crypt:1 |   29495 |   25147 |  46.0 |      43 |      22 |  33.8
   Depths:1 |   27259 |   17439 |  39.0 |      30 |      19 |  38.8
   Depths:2 |   28899 |   35370 |  55.0 |      34 |      35 |  50.7
   Depths:3 |   20893 |   28384 |  57.6 |      29 |      24 |  45.3
   Depths:4 |   42400 |   21365 |  33.5 |      36 |      22 |  37.9
      Zot:1 |   16439 |       0 |   0.0 |      12 |       0 |   0.0
    Ossuary |       0 |     357 | 100.0 |       0 |      37 | 100.0
      IceCv |       0 |    3494 | 100.0 |       0 |      13 | 100.0
     WizLab |       0 |   30413 | 100.0 |       0 |      34 | 100.0
   Gauntlet |       0 |    3751 | 100.0 |       0 |       6 | 100.0
      Arena |     189 |    4184 |  95.7 |       1 |       3 |  75.0
            +---------+---------+-------+---------+---------+-------

Illustrated notes

Table legend:
 A = Kills in this place as a percentage of kills in entire the game.
 B = Kills by you in this place as a percentage of kills by you in the entire game.
 C = Kills by friends in this place as a percentage of kills by friends in the entire game.
 D = Other kills in this place as a percentage of other kills in the entire game.
 E = Experience gained in this place as a percentage of experience gained in the entire game.
 F = Experience gained in this place divided by the number of levels of this place that you have seen.
                   A       B       C       D       E      F
               +-------+-------+-------+-------+-------+----------------------
         Total | 100.0 | 100.0 |   N/A | 100.0 | 100.0 | 18661.5
       Dungeon |  16.3 |  16.3 |   N/A |   0.0 |   6.4 | 4861.3
          Lair |  13.0 |  13.0 |   N/A |   0.0 |   6.9 | 13094.3
         Swamp |   5.1 |   5.1 |   N/A |  28.6 |   5.5 | 15790.5
     Snake Pit |  10.4 |  10.4 |   N/A |  14.3 |  11.1 | 31452.0
    Slime Pits |   5.8 |   5.8 |   N/A |   0.0 |   7.4 | 16834.2
  Orcish Mines |   6.4 |   6.4 |   N/A |   0.0 |   1.3 | 7639.0
   Elven Halls |  10.0 |   9.9 |   N/A |  28.6 |  12.7 | 48257.7
        Vaults |  14.4 |  14.4 |   N/A |  14.3 |  19.2 | 54549.8
         Crypt |   3.0 |   3.1 |   N/A |   0.0 |   4.8 | 54642.0
        Depths |  10.7 |  10.8 |   N/A |   0.0 |  19.5 | 55502.2
           Zot |   0.6 |   0.6 |   N/A |   0.0 |   1.4 | 16439.0
       Ossuary |   1.7 |   1.7 |   N/A |   0.0 |   0.0 | 357.0
      Ice Cave |   0.6 |   0.6 |   N/A |   0.0 |   0.3 | 3494.0
        Wizlab |   1.6 |   1.5 |   N/A |  14.3 |   2.7 | 30413.0
      Gauntlet |   0.3 |   0.3 |   N/A |   0.0 |   0.3 | 3751.0
         Arena |   0.2 |   0.2 |   N/A |   0.0 |   0.4 | 874.6
               +-------+-------+-------+-------+-------+----------------------

Table legend: (Time is in decaauts)
 A = Elapsed time spent in this place.
 B = Non-inter-level travel time spent in this place.
 C = Inter-level travel time spent in this place.
 D = Time resting spent in this place.
 E = Time spent auto-exploring this place.
 F = Levels seen in this place.
 G = Mean time per level.
                   A        B        C        D        E       F      G
               +--------+--------+--------+--------+--------+-----+--------+
         Total |  77091 |  69320 |   7771 |  14478 |  34864 |  61 | 1263.8 |
       Dungeon |  17925 |  15321 |   2604 |   1145 |  10996 |  15 | 1195.0 |
        Temple |     22 |     22 |      0 |      0 |      0 |   1 |   22.0 |
          Lair |  12651 |  10872 |   1779 |   3538 |   4771 |   6 | 2108.5 |
         Swamp |   4500 |   4319 |    181 |   1319 |   2146 |   4 | 1125.0 |
     Snake Pit |   7309 |   6959 |    350 |   1550 |   4076 |   4 | 1827.2 |
    Slime Pits |   4770 |   4583 |    187 |   2027 |    384 |   5 |  954.0 |
  Orcish Mines |   2583 |   2159 |    424 |    607 |    971 |   2 | 1291.5 |
   Elven Halls |   5181 |   4777 |    404 |    751 |   2727 |   3 | 1727.0 |
        Vaults |   9067 |   8453 |    614 |   1721 |   4267 |   4 | 2266.8 |
         Crypt |   1476 |   1314 |    162 |    243 |    404 |   1 | 1476.0 |
        Depths |   6937 |   5881 |   1056 |     78 |   3169 |   4 | 1734.2 |
           Zot |    652 |    648 |      4 |    140 |    214 |   1 |  652.0 |
        Bazaar |    314 |    314 |      0 |      0 |    102 |   2 |  157.0 |
       Ossuary |    679 |    679 |      0 |      0 |    415 |   1 |  679.0 |
      Ice Cave |    868 |    868 |      0 |    594 |      0 |   1 |  868.0 |
        Wizlab |   1171 |   1171 |      0 |    429 |    118 |   1 | 1171.0 |
      Gauntlet |    868 |    868 |      0 |    312 |    102 |   1 |  868.0 |
         Arena |    109 |    109 |      0 |     21 |      0 |   5 |   21.8 |
               +--------+--------+--------+--------+--------+-----+--------+

Top non-repeatable levels by time:
  Lair:6: 3547 daAuts
Vaults:3: 2863 daAuts
  Lair:1: 2549 daAuts
Vaults:2: 2515 daAuts
 Snake:3: 2371 daAuts
 Snake:4: 2080 daAuts
  Lair:3: 2042 daAuts
Vaults:1: 2000 daAuts
   Elf:3: 1994 daAuts
Depths:1: 1978 daAuts
  Lair:4: 1925 daAuts
Depths:4: 1923 daAuts
 Swamp:3: 1894 daAuts
 Snake:1: 1883 daAuts
    D:14: 1856 daAuts
